Workbook
Name Abaroa: Hoja2!$BQ$3:$BQ$4
Name Abel_Iturralde: Hoja2!$AT$3:$AT$4
Name Abuná: Hoja2!$EB$3:$EB$4
Name Acasio: Hoja2!$EF$3
Name Achacachi: Hoja2!$EG$3
Name AGRICULTURA_SILVICULTURA_CAZA_PESCA: OECA!$CQ$21:$CQ$24
Name Alonso_de_Ibáñez: Hoja2!$CL$3:$CL$4
Name Andrés_Ibáñez: Hoja2!$DB$3:$DB$7
Name Ángel_Sandóval: Hoja2!$DM$3
Name Aniceto_Arce: Hoja2!$CW$3:$CW$4
Name Antonio_Quijarro: Hoja2!$CQ$3:$CQ$5
Name APICULTURA: OECA!$DO$20:$DO$21
Name Arani: Hoja2!$BD$3:$BD$4
Name Aroma: Hoja2!$AR$3:$AR$9
Name Arque: Hoja2!$BE$3:$BE$4
Name Aviles: Hoja2!$CY$3:$CY$4
Name Ayopaya: Hoja2!$BB$3:$BB$5
Name Azurduy: Hoja2!$W$3:$W$4
Name Bautista_Saavedra: Hoja2!$AU$3:$AU$4
Name Belisario_Boeto: Hoja2!$AC$3
Name Beni: Hoja1!$C$3:$C$21
Name Beni.: Hoja2!$L$3:$L$9
Name Beni1: Hoja2!$L$3:$L$9
Name Bernardino_Bilbao_Rioja: Hoja2!$CR$3:$CR$4
Name Bolívar: Hoja2!$BN$3
Name Burnet_O_Connor: Hoja2!$DA$3
Name Camacho: Hoja2!$AI$3:$AI$7
Name Campero: Hoja2!$BA$3:$BA$5
Name Capinota: Hoja2!$BF$3:$BF$5
Name Caranavi: Hoja2!$AY$3:$AY$4
Name Carangas: Hoja2!$BR$3:$BR$4
Name Carrasco: Hoja2!$BK$3:$BK$8
Name Cercado: Hoja2!$AZ$3
Name Cercado_Bn: Hoja2!$DQ$3:$DQ$4
Name Cercado_Or: Hoja2!$BP$3:$BP$6
Name Cercado_Tj: Hoja2!$CV$3
Name Chapare: Hoja2!$BI$3:$BI$5
Name Charcas: Hoja2!$CJ$3:$CJ$4
Name Chayanta: Hoja2!$CI$3:$CI$6
Name Chiquitos: Hoja2!$DF$3:$DF$5
Name Chuquisaca: Hoja1!$D$3:$D$31
Name Chuquisaca.: Hoja2!$M$3:$M$12
Name Chuquisaca1: Hoja2!$M$3:$M$12
Name Cochabamba: Hoja1!$E$3:$E$49
Name Cochabamba.: Hoja2!$N$3:$N$18
Name Cochabamba1: Hoja2!$N$3:$N$18
Name COMERCIO: OECA!$CN$21:$CN$25
Name CONSTRUCCIÓN: OECA!$CM$21
Name Cordillera: Hoja2!$DH$3:$DH$9
Name Cornelio_Saavedra: Hoja2!$CH$3:$CH$5
Name CRIA_DE_AVES.: OECA!$DM$20:$DM$21
Name CRÍA_DE_GANADO_CAMÉLIDO_O_AUQUÉNIDO.: OECA!$DH$20:$DH$22
Name CRÍA_DE_GANADO_CAPRINO.: OECA!$DJ$20:$DJ$22
Name CRÍA_DE_GANADO_EQUINO.: OECA!$DG$20:$DG$22
Name CRÍA_DE_GANADO_OVINO.: OECA!$DI$20:$DI$23
Name CRÍA_DE_GANADO_PORCINO.: OECA!$DK$20
Name CRÍA_Y_REPRODUCCIÓN_DE_AVES_DE_CORRAL.: OECA!$DL$20
Name CRÍA_Y_REPRODUCCIÓN_DE_GANADO_BOVINO_Y_BÚFALOS.: OECA!$DF$20:$DF$23
Name CUNICULTURA: OECA!$DQ$20
Name CUYICULTURA: OECA!$DP$20

Sheet OECA
D3: Ministerio de Desarrollo Productivo, Rural y Agua - MDPRyA Observatorio Agroambiental y Productivo - OAP | AQ3: RUNAF | BE3: Form. | BJ3: A2 | BV3: PEJERREY | BX3: BOVINO | BZ3: ACELGA
BV4: SABALO | BX4: CAPRINO | BZ4: ACEROLA
C5: Registro Único de la Agricultura Familiar Sustentable - OECA | BC5: CÓDIGO OECA | BV5: ISPI | BX5: OVINO | BZ5: ACHACHAIRÚ
BV6: MAURI | BX6: PORCINO | BZ6: ACHICORIA
D7: 1. Identificación de la OECA | BB7: NÚMERO CORRELATIVO | BV7: CARACHI NEGRO | BX7: CAMÉLIDOS | BZ7: ACHIOTE | CB7: @ | CC7: @ | CD7: 1. SI
BV8: TRUCHA | BX8: APICULTURA | BZ8: ACHIRA | CB8: Lb | CC8: Lb | CD8: 2. NO
BV9: ALEVINES | BX9: AVICULTURA | BZ9: ACHOJCHA | CB9: KG | CC9: KG
D10: Nombre/Razón Social: | AS10: Número de personería jurídica / Certificación de pertenencia | BG10: Expedido | BT10: CONFEDERACION SINDICAL UNICA DE TRABAJADORES CAMPESINOS DE BOLIVIA (CSUTCB) | BV10: SURUBI | BX10: CUYICULTURA | BZ10: AGAPANDO | CB10: TN | CC10: TN
BJ11: ç | BT11: CONFEDERACION DE PUEBLOS INDIGENAS DE BOLIVIA (CIDOB) | BV11: TAMBAQUI | BZ11: AJENJO | CB11: Litros
D12: Ubicación | BT12: CONCEJO NACIONAL DE AYLLUS Y MARKAS DEL QULLASUYO (CONAMAQ) | BV12: PAICHE | BZ12: AJIPA
D13: Representante Legal OECA | BT13: CONFEDERACION NACIONAL DE MUJERES CAMPESINAS INDIGENAS ORIGINARIAS DE BOLIVIA "BARTOLINA SISA" (CNMCIOB BS) | BV13: PACU | BZ13: AJO | CE13: Documentos con los que cuenta la OECA
BE14: Teléfono: | BT14: CONFEDERACION SINDICAL DE COMUNIDADES INTERCULTURALES ORIGINARIOS DE BOLIVIA (CSCIOB) | BV14: OTRO | BZ14: AJO SACHA | CE14: Certificación de pertenencia a la comunidad o personalidad juridica de la OECA | CF14: SI/NO
BC15: Año de Fundación: | BI15: Dia | BK15: Mes | BM15: Año | BZ15: ÁLAMO | CE15: Poder general amplio y suficiente del representante legal, o documento que acredite la representación según usos y costumbres. | CF15: SI/NO | DS15: =+UPPER(I16)
D16: Departamento: | Q16: Provincia: | AG16: Municipio: | AQ16: Comunidad | BZ16: ALBAHACA | CE16: nomina de afiliados a la OECA | CF16: SI/NO | DS16: =+IF(DS15="CHUQUISACA.","CH",IF(DS15="BENI.","BN",IF(DS15="LA_PAZ.","LP",IF(DS15="COCHABAMBA.","CBBA",IF(DS15="SANTA_CRUZ.","STZ",IF(DS15="PANDO.","PN",IF(DS15="TARIJA.","TJ",IF(DS15="ORURO.","OR",IF(DS15="POTOSÍ.","PT",))))))))) -> 0
BZ17: ALBARILLO
D18: N° Socios Activos de la OECA: | N18: N° Socios Pasivos de la OECA: | Z18: Dirección: OECA | BZ18: ALCACHOFA | CV18: NO MADERABLE | CZ18: MADERABLE | DD18: PECUARIO
BZ19: ALCANFOR | CE19: ACTIVIDAD ECONÓMICA/RUBRO | CV19: JATATA | CZ19: PINO | DD19: CRÍA_Y_REPRODUCCIÓN_DE_GANADO_BOVINO_Y_BÚFALOS. | DF19: CRÍA_Y_REPRODUCCIÓN_DE_GANADO_BOVINO_Y_BÚFALOS. | DG19: CRÍA_DE_GANADO_EQUINO. | DH19: CRÍA_DE_GANADO_CAMÉLIDO_O_AUQUÉNIDO. | DI19: CRÍA_DE_GANADO_OVINO. | DJ19: CRÍA_DE_GANADO_CAPRINO. | DK19: CRÍA_DE_GANADO_PORCINO. | DL19: CRÍA_Y_REPRODUCCIÓN_DE_AVES_DE_CORRAL. | DM19: CRIA_DE_AVES. | DN19: OTRO | DO19: APICULTURA | DP19: CUYICULTURA | DQ19: CUNICULTURA
BZ20: ALELÍ | CE20: 1. AGRICULTURA, SILVICULTURA, CAZA Y PESCA | CI20: GENERAL | CL20: EXTRACCIÓN_DE_MINAS_Y_CANTERAS. | CM20: CONSTRUCCIÓN | CN20: COMERCIO | CO20: TRANSPORTE | CP20: OTROS | CQ20: AGRICULTURA_SILVICULTURA_CAZA_PESCA | CV20: PAJA BRABA | CZ20: NOGAL | DD20: CRÍA_DE_GANADO_EQUINO. | DF20: LECHE | DG20: CARNE | DH20: CARNE | DI20: CARNE | DJ20: CARNE | DK20: CARNE | DL20: CARNE | DM20: CARNE | DN20: OTRO | DO20: MIEL | DP20: CARNE | DQ20: CARNE
BZ21: ALFALFA | CE21: - Productos Agrícolas | CL21: PETRÓLEO_CRUDO_Y_GAS_NATURAL. | CM21: CONSTRUCCIÓN | CN21: ALIMENTOS. | CO21: TRANSPORTE. | CP21: OTROS. | CQ21: PRODUCTOS_AGRÍCOLAS. | CV21: PALMERAS | CZ21: EUCALIPTO | DD21: CRÍA_DE_GANADO_CAMÉLIDO_O_AUQUÉNIDO. | DF21: YOGURT | DG21: LECHE | DH21: CUERO | DI21: LECHE | DJ21: CUERO | DM21: HUEVOS | DO21: JALEA REAL
D22: 2. Actividad Productiva de la OECA (Agrícola y Pecuaria) | BZ22: ALGARROBILLO | CE22: - Productos Pecuarios | CI22: EXTRACCIÓN_DE_MINAS_Y_CANTERAS. | CL22: MINERALES_METÁLICOS_Y_NO_METÁLICOS. | CN22: TEXTILES,_PRENDAS_DE_VESTIR_Y_PRODUCTOS_DEL_CUERO. | CQ22: PRODUCTOS_PECUARIOS. | CV22: CAÑAHUECA | CZ22: BIBOSI | DD22: CRÍA_DE_GANADO_OVINO. | DF22: CARNE | DG22: CUERO | DH22: FIBRA | DI22: LANA | DJ22: LECHE
BZ23: ALGARROBO | CE23: - Silvicultura y Caza | CI23: CONSTRUCCIÓN | CN23: MADERA_Y_PRODUCTOS_DE_MADERA. | CQ23: SILVICULTURA_Y_CAZA. | CV23: BAMBU | CZ23: CURUPAU | DD23: CRÍA_DE_GANADO_CAPRINO. | DF23: CUERO | DI23: CUERO
BZ24: ALGODÓN | CE24: - Pesca y acuicultura | CI24: COMERCIO | CN24: BEBIDAS_Y_TABACO. | CQ24: PESCA_Y_ACUICULTURA. | CV24: TACUARA | CZ24: OCHOO | DD24: CRÍA_DE_GANADO_PORCINO.
D25: Actividad Principal: | Z25: Rubro 1 | AD25: AGRICOLA | AR25: Rubro 2 | BZ25: ALGODONCILLO | CE25: 2. EXTRACCIÓN DE MINAS Y CANTERAS | CI25: TRANSPORTE | CN25: OTRAS_MANUFACTURAS. | CV25: QUEBRACHO | CZ25: PAQUIO | DD25: CRÍA_Y_REPRODUCCIÓN_DE_AVES_DE_CORRAL.
BZ26: ALISO | CE26: - Petróleo Crudo y Gas Natural | CI26: OTROS | CV26: ACACIA | CZ26: QUINA QUINA | DD26: CRIA_DE_AVES.
D27: Actividad Secundaria: | Z27: Rubro 1 | AR27: Rubro 2 | BZ27: ALMENDRA CON CÁSCARA | CE27: - Minerales Metálicos y no Metálicos | CI27: AGRICULTURA_SILVICULTURA_CAZA_PESCA | CV27: ROBLE | CZ27: VERDOLADO | DD27: APICULTURA
BZ28: ALPISTE | CE28: 3. CONSTRUCCIÓN | CV28: CASTAÑO | CZ28: YESQUERO | DD28: CUYICULTURA
BZ29: AMARANTO | CE29: construccción | CV29: COLA DE CABALLO | CZ29: MARACUYA | DD29: CUNICULTURA
D30: 3. Producción Agropecuaria, Comercialización y Transformación | BZ30: AMARGO | CE30: 4. COMERCIO | CI30: AGRICULTURA_SILVICULTURA_CAZA_PESCA | CV30: LLANTEN | CZ30: PALO MARIA | DD30: OTRO
BZ31: AMARILLO | CE31: - Alimentos | CV31: MATICO | CZ31: QUEÑUA
BZ32: ANGROPONGON | CE32: - Textiles, Prendas de Vestir y Productos del Cuero | CV32: UÑA DE GATO | CZ32: QUISWARA
G33: 3.1. Producción Agrícola (Principales Productos) | BZ33: ANÍS | CE33: - Madera y Productos de Madera | CV33: TARARA | CZ33: OTRO
BZ34: APIO | CE34: - Bebidas y Tabaco | CV34: CASTAÑA
E35: N | F35: PRODUCTOS PRINCIPALES | L35: CANTIDAD ANUAL PRODUCIDA POR LA OECA | R35: ¿Realiza la transformación del producto? 1.SI - 2.NO | W35: Mencione los productos o subproductos principales | AE35: ¿Cantidad Utilizada para la transformacion? (Unidad de Medida) | AK35: DESTINO DE LOS PRODUCTOS PRINCIPALES (%) | AX35: PRECIO DE VENTA (Bolivianos/Unidad de Medida) | BZ35: ARÁNDANO | CE35: - Otras manufacturas | CV35: NUECES
L36: CANTIDAD | O36: UNIDAD DE MEDIDA | AK36: MERCADO LOCAL (DENTRO DE LA COMUNIDAD) | AP36: MERCADO FUERA DE LA COMUNIDAD | AT36: MERCADO EXTERNO (EXPORTACION) | AX36: MERCADO LOCAL (DENTRO DE LA COMUNIDAD) | BD36: MERCADO FUERA DE LA COMUNIDAD | BL36: MERCADO EXTERNO | BZ36: ARAUCARIAS | CE36: 5. TRANSPORTE | CV36: MUSGOS
E37: 1 | AE37: 0 | BZ37: ARAZA | CE37: transporte | CI37: dia | CJ37: mes | CK37: año | CV37: HONGOS
BZ38: ÁRBOL ACEITUNA | CE38: 6. OTROS | CV38: CORCHO
BZ39: ÁRBOL AJO AJO | CI39: 1 | CJ39: 1 | CK39: 2018 | CV39: LACA
E40: 2 | AE40: 0 | BZ40: ÁRBOL ALMENDRILLO | CI40: 2 | CJ40: 2 | CK40: 2017 | CV40: BALSAMO
BZ41: ÁRBOL CANELA | CI41: 3 | CJ41: 3 | CK41: 2016 | CV41: ASAÚ
BZ42: ÁRBOL CARI CARI | CI42: 4 | CJ42: 4 | CK42: 2015 | CV42: OTRO
E43: 3 | AE43: 0 | BZ43: ÁRBOL CHOCOLATE | CI43: 5 | CJ43: 5 | CK43: 2014
BZ44: ÁRBOL DE LAUREL | CI44: 6 | CJ44: 6 | CK44: 2013
BZ45: ÁRBOL DEL MORAL | CI45: 7 | CJ45: 7 | CK45: 2012
AK46: =AK43+AK40+AK37+AP60+AD68+AG75+AG82 -> 0 | AP46: =AP43+AP40+AP37+AU60+AI68+AM75+AM82 -> 0 | AT46: =AT43+AT40+AT37+AY60+AM68+AR75+AR82 -> 0 | BZ46: ÁRBOL DURAZNILLO | CI46: 8 | CJ46: 8 | CK46: 2011
G47: 3.2. Producto Pecuario | AK47: =IF(AK46>0,"MERCADO LOCAL","") | AP47: =IF(AP46>0,"MERCADO FUERA DE LA COMUNIDAD","") | AT47: =IF(AT46>0,"MERCADO EXTERNO ","") | BZ47: ÁRBOL ESPINA DE MAR | CI47: 9 | CJ47: 9 | CK47: 2010
BZ48: ÁRBOL GUAYABILLO | CI48: 10 | CJ48: 10 | CK48: 2009
E49: N° | F49: TIPO DE GANADO / APICOLA | K49: PRODUCTO | O49: CANTIDAD ANUAL PRODUCIDA POR LA OECA | W49: ¿Realiza la transformación del producto? 1.SI - 2.NO | AC49: Mencione los productos o subproductos principales | AJ49: ¿Cantidad Utilizada para la transformacion? (Unidad de Medida) | AP49: DESTINO DE LOS PRODUCTOS PRINCIPALES (%) | BC49: PRECIO DE VENTA (Bolivianos/Unidad de Medida) | BZ49: ÁRBOL HIGUERA | CI49: 11 | CJ49: 11 | CK49: 2008
O50: CANTIDAD | R50: UNIDAD DE MEDIDA | AP50: MERCADO LOCAL (Dentro de la comunidad) | AU50: MERCADO FUERA DE LA COMUNIDAD | AY50: MERCADO EXTERNO (Exportación) | BC50: MERCADO LOCAL (Dentro de la comunidad) | BH50: MERCADO FUERA DE LA COMUNIDAD | BM50: MERCADO EXTERNO | BZ50: ÁRBOL LIMONCILLO | CI50: 12 | CJ50: 12 | CK50: 2007
E51: 1 | AC51: No transformado | AJ51: 0 | BZ51: ÁRBOL LÚCUMA | CI51: 13 | CK51: 2006
BZ52: ÁRBOL MANGABA | CI52: 14 | CK52: 2005
BZ53: ÁRBOL MANÍ | CI53: 15 | CK53: 2004
E54: 2 | AC54: No transformado | AJ54: 0 | BZ54: ÁRBOL MANZANILLO | CI54: 16 | CK54: 2003
BZ55: ÁRBOL MATA PALO | CI55: 17 | CK55: 2002
BZ56: ÁRBOL MELENDRE | CI56: 18 | CK56: 2001
E57: 3 | AC57: No transformado | AJ57: 0 | BZ57: ÁRBOL MORA | CI57: 19 | CK57: 2000
BZ58: ÁRBOL MOTOYOE | CI58: 20 | CK58: 1999
BZ59: ÁRBOL NARANJILLO | CI59: 21 | CK59: 1998
AP60: =AP57+AP54+AP51 -> 0 | AU60: =AU57+AU54+AU51 -> 0 | AY60: =AY57+AY54+AY51 -> 0 | BZ60: ÁRBOL PACAY | CI60: 22 | CK60: 1997
G61: 3.3. Producción Piscícola | BZ61: ÁRBOL PALTO | CI61: 23 | CK61: 1996
BZ62: ÁRBOL PALTO LAUREL | CI62: 24 | CK62: 1995
E63: N° | F63: ESPECIE APROVECHADA | T63: 1. Pesca 2. Cria 3. Ambos | X63: VOLUMEN ANUAL (Kilos) | AD63: DESTINO DE LOS PRODUCTOS PRINCIPALES (%) | AQ63: PRECIO DE VENTA (Bolivianos/kilo) | BZ63: ÁRBOL PAN | CI63: 25 | CK63: 1994
AD64: MERCADO LOCAL (DENTRO DE LA COMUNIDAD) | AI64: MERCADO FUERA DE LA COMUNIDAD | AM64: MERCADO EXTERNO (EXPORTACION) | AQ64: MERCADO LOCAL (DENTRO DE LA COMUNIDAD) | AU64: MERCADO FUERA DE LA COMUNIDAD | AZ64: MERCADO EXTERNO (EXPORTACION) | BS64: 1. Pesca | BZ64: ÁRBOL PITÓN | CI64: 26 | CK64: 1993
E65: 1 | BS65: 2. Cria | BZ65: ÁRBOL VERDOLAGO | CI65: 27 | CK65: 1992
E66: 2 | BS66: 3. Ambos | BZ66: ARIBIBI | CI66: 28 | CK66: 1991
E67: 3 | BZ67: ARICOMA | CI67: 29 | CK67: 1990
AD68: =AD67+AD66+AD65 -> 0 | AI68: =AI67+AI66+AI65 -> 0 | AM68: =AM67+AM66+AM65 -> 0 | BZ68: ARRAYAN | CI68: 30 | CK68: 1989
G69: 3.4. Producción Silvícola y Productos Transformados y Sistemas Agroforestales. | BZ69: AVENA | CI69: 31 | CK69: 1988
BZ70: AVENA FORRAJERA | CK70: 1987
E71: N° | F71: Especies Forestables Maderables | Q71: PRODUCTO | AB71: Cantidad (Pie tablar) | AG71: DESTINO DE LOS PRODUCTOS PRINCIPALES (%) | AW71: PRECIO DE VENTA (Bolivianos/Pie tablar) | BZ71: AZAFRÁN | CK71: 1986
AG72: MERCADO LOCAL (DENTRO DE LA COMUNIDAD) | AM72: MERCADO FUERA DE LA COMUNIDAD | AR72: MERCADO EXTERNO (EXPORTACION) | AW72: MERCADO LOCAL (DENTRO DE LA COMUNIDAD) | BC72: MERCADO FUERA DE LA COMUNIDAD | BK72: MERCADO EXTERNO (EXPORTACION) | BZ72: AZUCENA | CK72: 1985
E73: 1 | BZ73: BACURI | CK73: 1984
E74: 2 | BZ74: BALSA | CK74: 1983
AG75: =AG74+AG73 -> 0 | AM75: =AM74+AM73 -> 0 | AR75: =AR74+AR73 -> 0 | BZ75: BALSAMINA | CK75: 1982
G76: 3.5. Recoleccion de la Agricultura Primaria.(Especies Forestables NO Maderables) | BZ76: BARATABALLI | CK76: 1981
BZ77: BARBA DE CHIVO | CK77: 1980
E78: N° | F78: Especies Forestables NO Maderables (especies ) | Q78: PRODUCTO | AB78: Cantidad (Kilos) | AG78: DESTINO DE LOS PRODUCTOS PRINCIPALES (%) | AW78: PRECIO DE VENTA (Bolivianos/Kilo) | BZ78: BARBASCO | CK78: 1979
AG79: MERCADO LOCAL (DENTRO DE LA COMUNIDAD) | AM79: MERCADO FUERA DE LA COMUNIDAD | AR79: MERCADO EXTERNO (EXPORTACION) | AW79: MERCADO LOCAL (DENTRO DE LA COMUNIDAD) | BC79: MERCADO FUERA DE LA COMUNIDAD | BK79: MERCADO EXTERNO (EXPORTACION) | BZ79: BECUMBE | CK79: 1978
E80: 1 | BZ80: BEGONIA | CK80: 1977
E81: 2 | BZ81: BERENJENA | CK81: 1976
AG82: =AG81+AG80 -> 0 | AM82: =AM81+AM80 -> 0 | AR82: =AR81+AR80 -> 0 | BZ82: BERLINIA | CK82: 1975
BZ83: BERRO | CK83: 1974
D84: 4. Declaración Jurada de los Titulares | BZ84: BETARRAGA | CK84: 1973
BZ85: BIBOSI | CK85: 1972
BZ86: BIRIBA | CK86: 1971
E87: DECLARACIÓN JURADA: Declaro que la información contenida en el presente formulario es veraz y que tiene carácter de Declaración Jurada y que la misma podrá ser tomada como prueba por las instancias correspondientes en el marco de lo establecido en el Código Penal. | BZ87: BITUMBO | CK87: 1970
BZ88: BLANQUILLO | CK88: 1969
M89: Firma del Titular 1 | AK89: Firma del Titular 2 | BZ89: BOCA Y SAPO | CK89: 1968
BZ90: BOLDO | CK90: 1967
BZ91: BOSQUES O MONTES | CK91: 1966
BZ92: BOTÓN DE ORO | CK92: 1965
D93: 5. Identificación del Agente Registrador | BZ93: BRAQUIARA | CK93: 1964
BZ94: BREMURA | CK94: 1963
BZ95: BRÓCOLI | CK95: 1962
D96: Fecha de Emisión: | Q96: Departamento Emisión: | AG96: Municipio Emisión: | BZ96: BUFFEL | CK96: 1961
BZ97: BULBOS | CK97: 1960
D98: Nombres: | BZ98: CABUYA | CK98: 1959
BT99: 2018 | BZ99: CACAO | CK99: 1958
D100: Apellido Paterno: | BT100: 2019 | BZ100: CACHICHIRA | CK100: 1957
BZ101: CAFÉ | CK101: 1956
D102: Apellido Materno: | BZ102: CAICOMA | CK102: 1955
...

Sheet Hoja1
B2: Departamento | C2: BENI | D2: CHUQUISACA | E2: COCHABAMBA | F2: LA PAZ | G2: ORURO | H2: PANDO | I2: POTOSÍ | J2: SANTA CRUZ | K2: TARIJA | O2: BAURES | P2: AZURDUY | Q2: AIQUILE | S2: ACHACACHI | T2: LA PAZ | V2: ANTEQUERA | X2: BELLA_FLOR | Z2: ACASIO | AB2: ASCENSIÓN_DE_GUARAYOS | AD2: BERMEJO
B3: BENI | C3: BAURES | D3: AZURDUY | E3: AIQUILE | F3: ACHACACHI | G3: ANTEQUERA | H3: BELLA_FLOR | I3: ACASIO | J3: ASCENSIÓN_DE_GUARAYOS | K3: BERMEJO | O3: EXALTACIÓN | P3: CAMARGO | Q3: ALALAY | S3: ACHOCALLA | T3: PALCA | V3: BELÉN_DE_ANDAMARCA | X3: BOLPEBRA | Z3: ARAMPAMPA | AB3: BOYUIBE | AD3: CARAPARÍ
B4: CHUQUISACA | C4: EXALTACIÓN | D4: CAMARGO | E4: ALALAY | F4: ACHOCALLA | G4: BELÉN_DE_ANDAMARCA | H4: BOLPEBRA | I4: ARAMPAMPA | J4: BOYUIBE | K4: CARAPARÍ | O4: GUAYARAMERÍN | P4: CULPINA | Q4: ANZALDO | S4: ALTO_BENI | T4: MECAPACA | V4: CARACOLLO | X4: COBIJA | Z4: ATOCHA | AB4: BUENA_VISTA | AD4: EL_PUENTE
B5: COCHABAMBA | C5: GUAYARAMERÍN | D5: CULPINA | E5: ANZALDO | F5: ALTO_BENI | G5: CARACOLLO | H5: COBIJA | I5: ATOCHA | J5: BUENA_VISTA | K5: EL_PUENTE | O5: HUACARAJE | P5: EL_VILLAR | Q5: ARANI | S5: ANCORAIMES | T5: ACHOCALLA | V5: CARANGAS | X5: FILADELFIA | Z5: BETANZOS | AB5: CABEZAS | AD5: ENTRE_RÍOS
B6: LA_PAZ | C6: HUACARAJE | D6: EL_VILLAR | E6: ARANI | F6: ANCORAIMES | G6: CARANGAS | H6: FILADELFIA | I6: BETANZOS | J6: CABEZAS | K6: ENTRE_RÍOS | O6: LORETO | P6: HUACARETA | Q6: ARBIETO | S6: APOLO | T6: EL_ALTO | V6: CHALLAPATA | X6: INGAVI | Z6: CAIZA_"D" | AB6: CAMIRI | AD6: PADCAYA
B7: ORURO | C7: LORETO | D7: HUACARETA | E7: ARBIETO | F7: APOLO | G7: CHALLAPATA | H7: INGAVI | I7: CAIZA_"D" | J7: CAMIRI | K7: PADCAYA | O7: MAGDALENA | P7: HUACAYA | Q7: ARQUE | S7: AUCAPATA | T7: ACHACACHI | V7: CHIPAYA | X7: NUEVA_ESPERANZA | Z7: CARIPUYO | AB7: CARMEN_RIVERO_TÓRREZ | AD7: TARIJA
B8: PANDO | C8: MAGDALENA | D8: HUACAYA | E8: ARQUE | F8: AUCAPATA | G8: CHIPAYA | H8: NUEVA_ESPERANZA | I8: CARIPUYO | J8: CARMEN_RIVERO_TÓRREZ | K8: TARIJA | O8: PUERTO_SILES | P8: ICLA | Q8: BOLÍVAR | S8: AYATA | T8: ANCORAIMES | V8: CHOQUE_COTA | X8: PORVENIR | Z8: CHAQUI | AB8: CHARAGUA | AD8: URIONDO
B9: POTOSÍ | C9: PUERTO_SILES | D9: ICLA | E9: BOLÍVAR | F9: AYATA | G9: CHOQUE_COTA | H9: PORVENIR | I9: CHAQUI | J9: CHARAGUA | K9: URIONDO | O9: REYES | P9: INCAHUASI | Q9: CAPINOTA | S9: AYO_AYO | T9: CHUA_COCANI | V9: COIPASA | X9: PUERTO_GONZALO_MORENO | Z9: CHAYANTA | AB9: COLPA_BÉLGICA | AD9: VILLA_SAN_LORENZO
B10: SANTA_CRUZ | C10: REYES | D10: INCAHUASI | E10: CAPINOTA | F10: AYO_AYO | G10: COIPASA | H10: PUERTO_GONZALO_MORENO | I10: CHAYANTA | J10: COLPA_BÉLGICA | K10: VILLA_SAN_LORENZO | O10: RIBERALTA | P10: LAS_CARRERAS | Q10: CHIMORÉ | S10: BATALLAS | T10: HUARINA | V10: CORQUE | X10: PUERTO_RICO | Z10: CHUQUIHUTA | AB10: COMARAPA | AD10: VILLAMONTES
B11: TARIJA | C11: RIBERALTA | D11: LAS_CARRERAS | E11: CHIMORÉ | F11: BATALLAS | G11: CORQUE | H11: PUERTO_RICO | I11: CHUQUIHUTA | J11: COMARAPA | K11: VILLAMONTES | O11: RURRENABAQUE | P11: MACHARETÍ | Q11: CLIZA | S11: CAIROMA | T11: SANTIAGO_DE_HUATA | V11: CRUZ_DE_MACHACAMARCA | X11: SAN_LORENZO | Z11: CKOCHAS | AB11: CONCEPCIÓN | AD11: YACUIBA
C12: RURRENABAQUE | D12: MACHARETÍ | E12: CLIZA | F12: CAIROMA | G12: CRUZ_DE_MACHACAMARCA | H12: SAN_LORENZO | I12: CKOCHAS | J12: CONCEPCIÓN | K12: YACUIBA | O12: SAN_ANDRÉS | P12: MOJOCOYA | Q12: COCAPATA | S12: CAJUATA | T12: HUATAJATA | V12: CURAHUARA_DE_CARANGAS | X12: SAN_PEDRO | Z12: COLCHA_"K" | AB12: COTOCA | AD12: YUNCHARÁ
C13: SAN_ANDRÉS | D13: MOJOCOYA | E13: COCAPATA | F13: CAJUATA | G13: CURAHUARA_DE_CARANGAS | H13: SAN_PEDRO | I13: COLCHA_"K" | J13: COTOCA | K13: YUNCHARÁ | O13: SAN_BORJA | P13: MONTEAGUDO | Q13: COCHABAMBA | S13: CALACOTO | T13: COROCORO | V13: EL_CHORO | X13: SANTA_ROSA | Z13: COLQUECHACA | AB13: CUATRO_CAÑADAS
C14: SAN_BORJA | D14: MONTEAGUDO | E14: COCHABAMBA | F14: CALACOTO | G14: EL_CHORO | H14: SANTA_ROSA | I14: COLQUECHACA | J14: CUATRO_CAÑADAS | O14: SAN_IGNACIO | P14: MUYUPAMPA | Q14: COLCAPIRHUA | S14: CALAMARCA | T14: CAQUIAVIRI | V14: ESCARA | X14: SANTOS_MERCADO | Z14: COTAGAITA | AB14: CUEVO
C15: SAN_IGNACIO | D15: MUYUPAMPA | E15: COLCAPIRHUA | F15: CALAMARCA | G15: ESCARA | H15: SANTOS_MERCADO | I15: COTAGAITA | J15: CUEVO | O15: SAN_JAVIER | P15: PADILLA | Q15: COLOMI | S15: CALLAPA | T15: CALACOTO | V15: ESMERALDA | X15: SENA | Z15: LLALLAGUA | AB15: EL_PUENTE
C16: SAN_JAVIER | D16: PADILLA | E16: COLOMI | F16: CALLAPA | G16: ESMERALDA | H16: SENA | I16: LLALLAGUA | J16: EL_PUENTE | O16: SAN_JOAQUÍN | P16: POROMA | Q16: CUCHUMUELA | S16: CAQUIAVIRI | T16: COMANCHE | V16: EUCALIPTUS | X16: VILLA_NUEVA_LOMA_ALTA | Z16: LLICA | AB16: EL_TORNO
C17: SAN_JOAQUÍN | D17: POROMA | E17: CUCHUMUELA | F17: CAQUIAVIRI | G17: EUCALIPTUS | H17: VILLA_NUEVA_LOMA_ALTA | I17: LLICA | J17: EL_TORNO | O17: SAN_RAMÓN | P17: PRESTO | Q17: ENTRE_RÍOS | S17: CARANAVI | T17: CHARAÑA | V17: HUACHACALLA | Z17: MOJINETE | AB17: FERNÁNDEZ_ALONSO
C18: SAN_RAMÓN | D18: PRESTO | E18: ENTRE_RÍOS | F18: CARANAVI | G18: HUACHACALLA | I18: MOJINETE | J18: FERNÁNDEZ_ALONSO | O18: SANTA_ANA_DE_YACUMA | P18: SAN_LUCAS | Q18: INDEPENDENCIA | S18: CATACORA | T18: WALDO_BALLIVIÁN | V18: HUANUNI | Z18: OCURÍ | AB18: GRAL._SAAVEDRA
C19: SANTA_ANA_DE_YACUMA | D19: SAN_LUCAS | E19: INDEPENDENCIA | F19: CATACORA | G19: HUANUNI | I19: OCURÍ | J19: GRAL._SAAVEDRA | O19: SANTA_ROSA | P19: SOPACHUY | Q19: MIZQUE | S19: CHACARILLA | T19: NAZACARA_DE_PACAJES | V19: HUARI | Z19: POCOATA | AB19: GUTIÉRREZ
C20: SANTA_ROSA | D20: SOPACHUY | E20: MIZQUE | F20: CHACARILLA | G20: HUARI | I20: POCOATA | J20: GUTIÉRREZ | O20: TRINIDAD | P20: SUCRE | Q20: MOROCHATA | S20: CHARAÑA | T20: CALLAPA | V20: HUAYLLAMARCA | Z20: PORCO | AB20: LA_GUARDIA
C21: TRINIDAD | D21: SUCRE | E21: MOROCHATA | F21: CHARAÑA | G21: HUAYLLAMARCA | I21: PORCO | J21: LA_GUARDIA | P21: TARABUCO | Q21: OMEREQUE | S21: CHARAZANI | T21: PUERTO_ACOSTA | V21: LA_RIVERA | Z21: POTOSÍ | AB21: LAGUNILLAS
D22: TARABUCO | E22: OMEREQUE | F22: CHARAZANI | G22: LA_RIVERA | I22: POTOSÍ | J22: LAGUNILLAS | P22: TARVITA | Q22: PASORAPA | S22: CHUA_COCANI | T22: MOCOMOCO | V22: MACHACAMARCA | Z22: PUNA | AB22: MAIRANA
D23: TARVITA | E23: PASORAPA | F23: CHUA_COCANI | G23: MACHACAMARCA | I23: PUNA | J23: MAIRANA | P23: TOMINA | Q23: POCONA | S23: CHULUMANI | T23: PUERTO_CARABUCO | V23: ORURO | Z23: RAVELO | AB23: MINEROS
D24: TOMINA | E24: POCONA | F24: CHULUMANI | G24: ORURO | I24: RAVELO | J24: MINEROS | P24: VILLA_ABECIA | Q24: POJO | S24: CHUMA | T24: HUMANATA | V24: PAMPA_AULLAGAS | Z24: SAN_AGUSTÍN | AB24: MONTERO
D25: VILLA_ABECIA | E25: POJO | F25: CHUMA | G25: PAMPA_AULLAGAS | I25: SAN_AGUSTÍN | J25: MONTERO | P25: VILLA_ALCALA | Q25: PUERTO_VILLARROEL | S25: COLLANA | T25: ESCOMA | V25: PARI_PARIA_SORACACHI | Z25: SAN_ANTONIO_DE_ESMORUCO | AB25: MORO_MORO
D26: VILLA_ALCALA | E26: PUERTO_VILLARROEL | F26: COLLANA | G26: PARI_PARIA_SORACACHI | I26: SAN_ANTONIO_DE_ESMORUCO | J26: MORO_MORO | P26: VILLA_CHARCAS | Q26: PUNATA | S26: COLQUENCHA | T26: CHUMA | V26: PAZÑA | Z26: SAN_PABLO_DE_LÍPEZ | AB26: OKINAWA_UNO
D27: VILLA_CHARCAS | E27: PUNATA | F27: COLQUENCHA | G27: PAZÑA | I27: SAN_PABLO_DE_LÍPEZ | J27: OKINAWA_UNO | P27: VILLA_SERRANO | Q27: QUILLACOLLO | S27: COLQUIRI | T27: AYATA | V27: POOPÓ | Z27: SAN_PEDRO_DE_BUENA_VISTA | AB27: PAILÓN
D28: VILLA_SERRANO | E28: QUILLACOLLO | F28: COLQUIRI | G28: POOPÓ | I28: SAN_PEDRO_DE_BUENA_VISTA | J28: PAILÓN | P28: YAMPARÁEZ | Q28: SACABA | S28: COMANCHE | T28: AUCAPATA | V28: QUILLACAS | Z28: SAN_PEDRO_DE_QUEMES | AB28: PAMPA_GRANDE
D29: YAMPARÁEZ | E29: SACABA | F29: COMANCHE | G29: QUILLACAS | I29: SAN_PEDRO_DE_QUEMES | J29: PAMPA_GRANDE | P29: YOTALA | Q29: SACABAMBA | S29: COMBAYA | T29: SORATA | V29: SABAYA | Z29: TACOBAMBA | AB29: PORONGO
D30: YOTALA | E30: SACABAMBA | F30: COMBAYA | G30: SABAYA | I30: TACOBAMBA | J30: PORONGO | P30: ZUDAÑEZ | Q30: SAN_BENITO | S30: COPACABANA | T30: GUANAY | V30: SALINAS_DE_GARCI_MENDOZA | Z30: TAHUA | AB30: PORTACHUELO
D31: ZUDAÑEZ | E31: SAN_BENITO | F31: COPACABANA | G31: SALINAS_DE_GARCI_MENDOZA | I31: TAHUA | J31: PORTACHUELO | Q31: SANTIVÁÑEZ | S31: CORIPATA | T31: TACACOMA | V31: SAN_PEDRO_DE_TOTORA | Z31: TINGUIPAYA | AB31: POSTRER_VALLE
E32: SANTIVÁÑEZ | F32: CORIPATA | G32: SAN_PEDRO_DE_TOTORA | I32: TINGUIPAYA | J32: POSTRER_VALLE | Q32: SHINAHOTA | S32: COROCORO | T32: QUIABAYA | V32: SANTIAGO_DE_ANDAMARCA | Z32: TOMAVE | AB32: PUCARÁ
E33: SHINAHOTA | F33: COROCORO | G33: SANTIAGO_DE_ANDAMARCA | I33: TOMAVE | J33: PUCARÁ | Q33: SICAYA | S33: COROICO | T33: COMBAYA | V33: TODOS_SANTOS | Z33: TORO_TORO | AB33: PUERTO_QUIJARRO
E34: SICAYA | F34: COROICO | G34: TODOS_SANTOS | I34: TORO_TORO | J34: PUERTO_QUIJARRO | Q34: SIPESIPE | S34: CURVA | T34: TIPUANI | V34: TOLEDO | Z34: TUPIZA | AB34: PUERTO_SUÁREZ
E35: SIPESIPE | F35: CURVA | G35: TOLEDO | I35: TUPIZA | J35: PUERTO_SUÁREZ | Q35: TACACHI | S35: DESAGUADERO | T35: MAPIRI | V35: TURCO | Z35: UNCÍA | AB35: QUIRUSILLAS
E36: TACACHI | F36: DESAGUADERO | G36: TURCO | I36: UNCÍA | J36: QUIRUSILLAS | Q36: TACOPAYA | S36: EL_ALTO | T36: TEOPONTE | V36: YUNGUYO_DE_LITORAL | Z36: URMIRI | AB36: ROBORÉ
E37: TACOPAYA | F37: EL_ALTO | G37: YUNGUYO_DE_LITORAL | I37: URMIRI | J37: ROBORÉ | Q37: TAPACARÍ | S37: ESCOMA | T37: APOLO | Z37: UYUNI | AB37: SAIPINA
E38: TAPACARÍ | F38: ESCOMA | I38: UYUNI | J38: SAIPINA | Q38: TARATA | S38: GUANAY | T38: PELECHUCO | Z38: VILLA_DE_SACACA | AB38: SAMAIPATA
E39: TARATA | F39: GUANAY | I39: VILLA_DE_SACACA | J39: SAMAIPATA | Q39: TIQUIPAYA | S39: GUAQUI | T39: VIACHA | Z39: VILLAZÓN | AB39: SAN_ANTONIO_DE_LOMERÍO
E40: TIQUIPAYA | F40: GUAQUI | I40: VILLAZÓN | J40: SAN_ANTONIO_DE_LOMERÍO | Q40: TIRAQUE | S40: HUARINA | T40: GUAQUI | Z40: VITICHI | AB40: SAN_CARLOS
E41: TIRAQUE | F41: HUARINA | I41: VITICHI | J41: SAN_CARLOS | Q41: TOCO | S41: HUATAJATA | T41: TIAHUANACU | Z41: YOCALLA | AB41: SAN_IGNACIO_DE_VELASCO
E42: TOCO | F42: HUATAJATA | I42: YOCALLA | J42: SAN_IGNACIO_DE_VELASCO | Q42: TOLATA | S42: HUMANATA | T42: DESAGUADERO | AB42: SAN_JAVIER
E43: TOLATA | F43: HUMANATA | J43: SAN_JAVIER | Q43: TOTORA | S43: ICHOCA | T43: SAN_ANDRÉS_DE_MACHACA | AB43: SAN_JOSÉ_DE_CHIQUITOS
E44: TOTORA | F44: ICHOCA | J44: SAN_JOSÉ_DE_CHIQUITOS | Q44: VACAS | S44: INQUISIVI | T44: JESÚS_DE_MACHACA | AB44: SAN_JUAN_DE_YAPACANÍ
E45: VACAS | F45: INQUISIVI | J45: SAN_JUAN_DE_YAPACANÍ | Q45: VILA_VILA | S45: IRUPANA | T45: TARACO | AB45: SAN_JULIÁN
E46: VILA_VILA | F46: IRUPANA | J46: SAN_JULIÁN | Q46: VILLA_RIVERO | S46: IXIAMAS | T46: LURIBAY | AB46: SAN_MATÍAS
E47: VILLA_RIVERO | F47: IXIAMAS | J47: SAN_MATÍAS | Q47: VILLA_TUNARI | S47: JESÚS_DE_MACHACA | T47: SAPAHAQUI | AB47: SAN_MIGUEL_DE_VELASCO
E48: VILLA_TUNARI | F48: JESÚS_DE_MACHACA | J48: SAN_MIGUEL_DE_VELASCO | Q48: VINTO | S48: LA PAZ | T48: YACO | AB48: SAN_PEDRO
E49: VINTO | F49: LA PAZ | J49: SAN_PEDRO | S49: LA_ASUNTA | T49: MALLA | AB49: SAN_RAFAEL
F50: LA_ASUNTA | J50: SAN_RAFAEL | S50: LAJA | T50: CAIROMA | AB50: SAN_RAMÓN
F51: LAJA | J51: SAN_RAMÓN | S51: LURIBAY | T51: INQUISIVI | AB51: SANTA_CRUZ_DE_LA_SIERRA
F52: LURIBAY | J52: SANTA_CRUZ_DE_LA_SIERRA | S52: MALLA | T52: QUIME | AB52: SANTA_ROSA_DEL_SARA
F53: MALLA | J53: SANTA_ROSA_DEL_SARA | S53: MAPIRI | T53: CAJUATA | AB53: TRIGAL
F54: MAPIRI | J54: TRIGAL | S54: MECAPACA | T54: COLQUIRI | AB54: URUBICHÁ
F55: MECAPACA | J55: URUBICHÁ | S55: MOCOMOCO | T55: ICHOCA | AB55: VALLEGRANDE
F56: MOCOMOCO | J56: VALLEGRANDE | S56: NAZACARA_DE_PACAJES | T56: VILLA_LIBERTAD_LICOMA | AB56: WARNES
F57: NAZACARA_DE_PACAJES | J57: WARNES | S57: PALCA | T57: CHULUMANI | AB57: YAPACANÍ
F58: PALCA | J58: YAPACANÍ | S58: PALOS_BLANCOS | T58: IRUPANA
F59: PALOS_BLANCOS | S59: PAPEL_PAMPA | T59: YANACACHI
F60: PAPEL_PAMPA | S60: PATACAMAYA | T60: PALOS_BLANCOS
F61: PATACAMAYA | S61: PELECHUCO | T61: LA_ASUNTA
F62: PELECHUCO | S62: PUCARANI | T62: PUCARANI
F63: PUCARANI | S63: PUERTO_ACOSTA | T63: LAJA
F64: PUERTO_ACOSTA | S64: PUERTO_CARABUCO | T64: BATALLAS
F65: PUERTO_CARABUCO | S65: PUERTO_PÉREZ | T65: PUERTO_PÉREZ
F66: PUERTO_PÉREZ | S66: QUIABAYA | T66: SICA_SICA
F67: QUIABAYA | S67: QUIME | T67: UMALA
F68: QUIME | S68: SAN_ANDRÉS_DE_MACHACA | T68: AYO_AYO
F69: SAN_ANDRÉS_DE_MACHACA | S69: SAN_BUENAVENTURA | T69: CALAMARCA
F70: SAN_BUENAVENTURA | S70: SAN_PEDRO_DE_CURAHUARA | T70: PATACAMAYA
... F88: YACO | S88: YANACACHI | T88: ALTO_BENI
F89: YANACACHI
C96: oeca
C97: ORGANIZACIÓN ECONÓMICA CAMPESINA - OECA
C98: ORGANIZACIÓN ECONÓMICA COMUNITARIA - OECOM

Sheet Hoja2
B2: Departamento | C2: Provincia | D2: Municipio | E2: Cod | G2: Departamento1 | I2: Departamento | J2: Provincia | L2: BENI. | M2: CHUQUISACA. | N2: COCHABAMBA. | O2: LA_PAZ. | P2: ORURO. | Q2: PANDO. | R2: POTOSÍ. | S2: SANTA_CRUZ. | T2: TARIJA. | V2: OROPEZA | W2: AZURDUY | X2: ZUDÁÑEZ | Y2: TOMINA | Z2: HERNANDO_SILES | AA2: YAMPARÁEZ | AB2: NOR_CINTI | AC2: BELISARIO_BOETO | AD2: SUD_CINTI | AE2: LUIS_CALVO | AF2: MURILLO | AG2: OMASUYOS | AH2: PACAJES | AI2: CAMACHO | AJ2: MUÑECAS | AK2: LARECAJA | AL2: FRANZ_TAMAYO | AM2: INGAVI | AN2: LOAYZA | AO2: INQUISIVI | AP2: SUD_YUNGAS | AQ2: LOS_ANDES | AR2: AROMA | AS2: NOR_YUNGAS | AT2: ABEL_ITURRALDE | AU2: BAUTISTA_SAAVEDRA | AV2: MANCO_KAPAC | AW2: GUALBERTO_VILLARROEL | AX2: JOSÉ_MANUEL_PANDO | AY2: CARANAVI | AZ2: CERCADO | BA2: CAMPERO | BB2: AYOPAYA | BC2: ESTEBAN_ARZE | BD2: ARANI | BE2: ARQUE | BF2: CAPINOTA | BG2: GERMAN_JORDAN | BH2: QUILLACOLLO | BI2: CHAPARE | BJ2: TAPACARÍ | BK2: CARRASCO | BL2: MIZQUE | BM2: PUNATA | BN2: BOLÍVAR | BO2: TIRAQUE | BP2: CERCADO_OR | BQ2: ABAROA | BR2: CARANGAS | BS2: SAJAMA | BT2: LITORAL | BU2: POOPÓ | BV2: PANTALEÓN_DALENCE | BW2: LADISLAO_CABRERA | BX2: SABAYA | BY2: SAUCARÍ | BZ2: TOMÁS_BARRÓN | CA2: SUR_CARANGAS | CB2: SAN_PEDRO_DE_TOTORA | CC2: SEBASTIÁN_PAGADOR | CD2: MEJILLONES | CE2: NOR_CARANGAS | CF2: TOMÁS_FRÍAS | CG2: RAFAEL_BUSTILLO | CH2: CORNELIO_SAAVEDRA | CI2: CHAYANTA | CJ2: CHARCAS | CK2: NOR_CHICHAS | CL2: ALONSO_DE_IBÁÑEZ | CM2: SUR_CHICHAS | CN2: NOR_LÍPEZ | CO2: SUR_LÍPEZ | CP2: JOSÉ_MARÍA_LINARES | CQ2: ANTONIO_QUIJARRO | CR2: BERNARDINO_BILBAO_RIOJA | CS2: DANIEL_CAMPOS | CT2: MODESTO_OMISTE | CU2: ENRIQUE_BALDIVIESO | CV2: CERCADO_TJ | CW2: ANICETO_ARCE | CX2: GRAN_CHACO | CY2: AVILES | CZ2: MÉNDEZ | DA2: BURNET_O_CONNOR | DB2: ANDRÉS_IBÁÑEZ | DC2: WARNES | DD2: VELASCO | DE2: ICHILO | DF2: CHIQUITOS | DG2: SARA | DH2: CORDILLERA | DI2: VALLEGRANDE | DJ2: FLORIDA | DK2: OBISPO_SANTISTEVAN | DL2: ÑUFLO_DE_CHÁVEZ | DM2: ÁNGEL_SANDÓVAL | DN2: MANUEL_MARÍA_CABALLERO | DO2: GERMÁN_BUSCH | DP2: GUARAYOS | DQ2: CERCADO_BN | DR2: VACA_DÍES | DS2: JOSÉ_BALLIVIAN | DT2: YACUMA | DU2: MOXOS | DV2: MARBÁN | DW2: MAMORÉ | DX2: ITÉNEZ | DY2: NICOLÁS_SUÁREZ | DZ2: MANURIPI | EA2: MADRE_DE_DIOS | EB2: ABUNÁ | EC2: FEDERICO_ROMÁN | EF2: Acasio | EG2: Achacachi | EH2: Achocalla | EI2: Aiquile | EJ2: Alalay | EK2: Alto Beni | EL2: Ancoraimes | EM2: Antequera | EN2: Anzaldo | EO2: Apolo | EP2: Arampampa | EQ2: Arani | ER2: Arbieto | ES2: Arque | ET2: Ascensión de Guarayos | EU2: Atocha | EV2: Aucapata | EW2: Ayata | EX2: Ayo Ayo | EY2: Azurduy | EZ2: Batallas | FA2: Baures | FB2: Belén de Andamarca | FC2: Bella Flor | FD2: Bermejo | FE2: Betanzos | FF2: Bolívar | FG2: Bolpebra | FH2: Boyuibe | FI2: Buena Vista | FJ2: Cabezas | FK2: Cairoma | FL2: Caiza "D" | FM2: Cajuata | FN2: Calacoto | FO2: Calamarca | FP2: Callapa | FQ2: Camargo | FR2: Camiri | FS2: Capinota | FT2: Caquiaviri | FU2: Caracollo | FV2: Caranavi | FW2: Carangas | FX2: Caraparí | FY2: Caripuyo | FZ2: Carmen Rivero Tórrez | GA2: Catacora | GB2: Chacarilla | GC2: Challapata | GD2: Chaqui | GE2: Charagua | GF2: Charaña | GG2: Charazani | GH2: Chayanta | GI2: Chimoré | GJ2: Chipaya | GK2: Choque Cota | GL2: Chua Cocani | GM2: Chulumani | GN2: Chuma | GO2: Chuquihuta | GP2: Ckochas | GQ2: Cliza | GR2: Cobija | GS2: Cocapata | GT2: Cochabamba | GU2: Coipasa | GV2: Colcapirhua | GW2: Colcha "K" | GX2: Collana | GY2: Colomi | GZ2: Colpa Bélgica | HA2: Colquechaca | HB2: Colquencha | HC2: Colquiri | HD2: Comanche | HE2: Comarapa | HF2: Combaya | HG2: Concepción | HH2: Copacabana | HI2: Coripata | HJ2: Corocoro | HK2: Coroico | HL2: Corque | HM2: Cotagaita | HN2: Cotoca | HO2: Cruz de Machacamarca | HP2: Cuatro Cañadas | HQ2: Cuchumuela | HR2: Cuevo | HS2: Culpina | HT2: Curahuara de Carangas | HU2: Curva | HV2: Desaguadero | HW2: El Alto | HX2: El Choro | HY2: El Puente. | HZ2: El Puente | IA2: El Torno | IB2: El Villar | IC2: Entre Ríos. | ID2: Entre Ríos | IE2: Escara | IF2: Escoma | IG2: Esmeralda | IH2: Eucaliptus | II2: Exaltación | IJ2: Fernández Alonso | IK2: Filadelfia | IL2: Gral. Saavedra | IM2: Guanay | IN2: Guaqui | IO2: Guayaramerín | IP2: Gutiérrez | IQ2: Huacaraje | IR2: Huacareta | IS2: Huacaya | IT2: Huachacalla | IU2: Huanuni | IV2: Huari | IW2: Huarina | IX2: Huatajata | IY2: Huayllamarca | IZ2: Humanata | JA2: Ichoca | JB2: Icla | JC2: Incahuasi | JD2: Independencia | JE2: Ingavi | JF2: Inquisivi | JG2: Irupana | JH2: Ixiamas | JI2: Jesús de Machaca | JJ2: La Asunta | JK2: La Guardia | JL2: La Paz | JM2: La Rivera | JN2: Lagunillas | JO2: Laja | JP2: Las carreras | JQ2: Llallagua | JR2: Llica | JS2: Loreto | JT2: Luribay | JU2: Machacamarca | JV2: Macharetí | JW2: Magdalena | JX2: Mairana | JY2: Malla | JZ2: Mapiri | KA2: Mecapaca | KB2: Mineros | KC2: Mizque | KD2: Mocomoco | KE2: Mojinete | KF2: Mojocoya | KG2: Monteagudo | KH2: Montero | KI2: Moro Moro | KJ2: Morochata | KK2: Muyupampa | KL2: Nazacara de Pacajes | KM2: Nueva Esperanza | KN2: Ocurí | KO2: Okinawa Uno | KP2: Omereque | KQ2: Oruro | KR2: Padcaya | KS2: Padilla | KT2: Pailón | KU2: Palca | KV2: Palos Blancos | KW2: Pampa Aullagas | KX2: Pampa Grande | KY2: Papel Pampa | KZ2: Pari - Paria - Soracachi | LA2: Pasorapa | LB2: Patacamaya | LC2: Pazña | LD2: Pelechuco | LE2: Pocoata | LF2: Pocona | LG2: Pojo | LH2: Poopó | LI2: Porco | LJ2: Poroma | LK2: Porongo | LL2: Portachuelo | LM2: Porvenir | LN2: Postrer Valle | LO2: Potosí | LP2: Presto | LQ2: Pucará | LR2: Pucarani | LS2: Puerto Acosta | LT2: Puerto Carabuco | LU2: Puerto Gonzalo Moreno | LV2: Puerto Pérez | LW2: Puerto Quijarro | LX2: Puerto Rico | LY2: Puerto Siles | LZ2: Puerto Suárez | MA2: Puerto Villarroel | MB2: Puna | MC2: Punata | MD2: Quiabaya | ME2: Quillacas | MF2: Quillacollo | MG2: Quime | MH2: Quirusillas | MI2: Ravelo | MJ2: Reyes | MK2: Riberalta | ML2: Roboré | MM2: Rurrenabaque | MN2: Sabaya | MO2: Sacaba | MP2: Sacabamba | MQ2: Saipina | MR2: Salinas de Garci Mendoza | MS2: Samaipata | MT2: San Agustín | MU2: San Andrés | MV2: San Andrés de Machaca | MW2: San Antonio de Esmoruco | MX2: San Antonio de Lomerío | MY2: San Benito | MZ2: San Borja | NA2: San Buenaventura | NB2: San Carlos | NC2: San Ignacio | ND2: San Ignacio de Velasco | NE2: San Javier. | NF2: San Javier | NG2: San Joaquín | NH2: San José de Chiquitos | NI2: San Juan de Yapacaní | NJ2: San Julián | NK2: San Lorenzo | NL2: San Lucas | NM2: San Matías | NN2: San Miguel de Velasco | NO2: San Pablo de Lípez | NP2: San Pedro. | NQ2: San Pedro | NR2: San Pedro de Buena Vista | NS2: San Pedro de Curahuara | NT2: San Pedro de Quemes | NU2: San Pedro de Tiquina | NV2: San Pedro de Totora | NW2: San Rafael | NX2: San Ramón. | NY2: San Ramón | NZ2: Santa Ana de Yacuma | OA2: Santa Cruz de la Sierra | OB2: Santa Rosa. | OC2: Santa Rosa | OD2: Santa Rosa del Sara | OE2: Santiago de Andamarca | OF2: Santiago de Huata | OG2: Santiago de Machaca | OH2: Santiváñez | OI2: Santos Mercado | OJ2: Sapahaqui | OK2: Sena | OL2: Shinahota | OM2: Sica Sica | ON2: Sicaya | OO2: Sipesipe | OP2: Sopachuy | OQ2: Sorata | OR2: Sucre | OS2: Tacachi | OT2: Tacacoma | OU2: Tacobamba | OV2: Tacopaya | OW2: Tahua | OX2: Tapacarí | OY2: Tarabuco | OZ2: Taraco | PA2: Tarata | PB2: Tarija | PC2: Tarvita | PD2: Teoponte | PE2: Tiahuanacu | PF2: Tinguipaya | PG2: Tipuani | PH2: Tiquipaya | PI2: Tiraque | PJ2: Tito Yupanqui | PK2: Toco | PL2: Todos Santos | PM2: Tolata | PN2: Toledo | PO2: Tomave | PP2: Tomina | PQ2: Toro Toro | PR2: Totora | PS2: Trigal | PT2: Trinidad | PU2: Tupiza | PV2: Turco | PW2: Umala | PX2: Uncía | PY2: Uriondo | PZ2: Urmiri | QA2: Urubichá | QB2: Uyuni | QC2: Vacas | QD2: Vallegrande | QE2: Viacha | QF2: Vila Vila | QG2: Villa Abecia | QH2: Villa Alcala | QI2: Villa Charcas | QJ2: Villa de Sacaca | QK2: Villa Libertad Licoma | QL2: Villa Nueva (Loma Alta) | QM2: Villa Rivero | QN2: Villa San Lorenzo | QO2: Villa Serrano | QP2: Villa Tunari | QQ2: Villamontes | QR2: Villazón | QS2: Vinto | QT2: Vitichi | QU2: Waldo Ballivián | QV2: Warnes | QW2: Yaco | QX2: Yacuiba | QY2: Yamparáez | QZ2: Yanacachi | RA2: Yapacaní | RB2: Yocalla | RC2: Yotala | RD2: Yunchará | RE2: Yunguyo de Litoral | RF2: Zudañez
B3: Chuquisaca | C3: Oropeza | D3: Sucre | E3: 10101 | G3: BENI. | I3: CHUQUISACA | J3: OROPEZA | L3: VACA_DÍEZ | M3: OROPEZA | N3: CERCADO | O3: MURILLO | P3: CERCADO_OR | Q3: NICOLÁS_SUÁREZ | R3: TOMÁS_FRÍAS | S3: ANDRÉS_IBÁÑEZ | T3: CERCADO_TJ | V3: SUCRE | W3: AZURDUY | X3: ZUDAÑEZ | Y3: PADILLA | Z3: MONTEAGUDO | AA3: TARABUCO | AB3: CAMARGO | AC3: VILLA SERRANO | AD3: VILLA ABECIA | AE3: MUYUPAMPA | AF3: LA PAZ | AG3: ACHACACHI | AH3: COROCORO | AI3: PUERTO ACOSTA | AJ3: CHUMA | AK3: SORATA | AL3: APOLO | AM3: VIACHA | AN3: LURIBAY | AO3: INQUISIVI | AP3: CHULUMANI | AQ3: PUCARANI | AR3: SICA SICA | AS3: COROICO | AT3: IXIAMAS | AU3: CHARAZANI | AV3: COPACABANA | AW3: SAN PEDRO DE CURAHUARA | AX3: SANTIAGO DE MACHACA | AY3: CARANAVI | AZ3: COCHABAMBA | BA3: AIQUILE | BB3: INDEPENDENCIA | BC3: TARATA | BD3: ARANI | BE3: ARQUE | BF3: CAPINOTA | BG3: CLIZA | BH3: QUILLACOLLO | BI3: SACABA | BJ3: TAPACARÍ | BK3: TOTORA | BL3: MIZQUE | BM3: PUNATA | BN3: BOLÍVAR | BO3: TIRAQUE | BP3: ORURO | BQ3: CHALLAPATA | BR3: CORQUE | BS3: CURAHUARA DE CARANGAS | BT3: HUACHACALLA | BU3: POOPÓ | BV3: HUANUNI | BW3: SALINAS DE GARCI MENDOZA | BX3: SABAYA | BY3: TOLEDO | BZ3: EUCALIPTUS | CA3: SANTIAGO_DE_ANDAMARCA | CB3: SAN PEDRO DE TOTORA | CC3: HUARI | CD3: LA RIVERA | CE3: HUAYLLAMARCA | CF3: POTOSÍ | CG3: UNCÍA | CH3: BETANZOS | CI3: COLQUECHACA | CJ3: SAN PEDRO DE BUENA VISTA | CK3: COTAGAITA | CL3: VILLA DE SACACA | CM3: TUPIZA | CN3: COLCHA "K" | CO3: SAN PABLO DE LÍPEZ | CP3: PUNA | CQ3: UYUNI | CR3: ARAMPAMPA | CS3: LLICA | CT3: VILLAZÓN | CU3: SAN AGUSTÍN | CV3: TARIJA | CW3: PADCAYA | CX3: YACUIBA | CY3: URIONDO | CZ3: VILLA SAN LORENZO | DA3: ENTRE RÍOS | DB3: SANTA CRUZ DE LA SIERRA | DC3: WARNES | DD3: SAN IGNACIO DE VELASCO | DE3: BUENA VISTA | DF3: SAN JOSÉ DE CHIQUITOS | DG3: PORTACHUELO | DH3: LAGUNILLAS | DI3: VALLEGRANDE | DJ3: SAMAIPATA | DK3: MONTERO | DL3: CONCEPCIÓN | DM3: SAN MATÍAS | DN3: COMARAPA | DO3: PUERTO SUÁREZ | DP3: ASCENSIÓN DE GUARAYOS | DQ3: TRINIDAD | DR3: RIBERALTA | DS3: REYES | DT3: SANTA ANA DE YACUMA | DU3: SAN IGNACIO | DV3: LORETO | DW3: SAN JOAQUÍN | DX3: MAGDALENA | DY3: COBIJA | DZ3: PUERTO RICO | EA3: PUERTO GONZALO MORENO | EB3: SANTA ROSA | EC3: NUEVA ESPERANZA | EF3: 51302 | EG3: 20201 | EH3: 20104 | EI3: 30201 | EJ3: 31303 | EK3: 22002 | EL3: 20202 | EM3: 40603 | EN3: 30402 | EO3: 20701 | EP3: 51301 | EQ3: 30501 | ER3: 30403 | ES3: 30601 | ET3: 71501 | EU3: 50802 | EV3: 20503 | EW3: 20502 | EX3: 21303 | EY3: 10201 | EZ3: 21203 | FA3: 80802 | FB3: 41202 | FC3: 90104 | FD3: 60202 | FE3: 50301 | FF3: 31501 | FG3: 90103 | FH3: 70707 | FI3: 70401 | FJ3: 70703 | FK3: 20905 | FL3: 51102 | FM3: 21003 | FN3: 20303 | FO3: 21304 | FP3: 20308 | FQ3: 10701 | FR3: 70706 | FS3: 30701 | FT3: 20302 | FU3: 40102 | FV3: 22001 | FW3: 41503 | FX3: 60302 | FY3: 50702 | FZ3: 71403 | GA3: 21902 | GB3: 21803 | GC3: 40201 | GD3: 50302 | GE3: 70702 | GF3: 20305 | GG3: 21601 | GH3: 50202 | GI3: 31204 | GJ3: 40903 | GK3: 40302 | GL3: 20203 | GM3: 21101 | GN3: 20501 | GO3: 50204 | GP3: 51103 | GQ3: 30801 | GR3: 90101 | GS3: 30303 | GT3: 30101 | GU3: 40902 | GV3: 30905 | GW3: 50901 | GX3: 21307 | GY3: 31002 | GZ3: 70603 | HA3: 50401 | HB3: 21306 | HC3: 21004 | HD3: 20304 | HE3: 71301 | HF3: 20605 | HG3: 71101 | HH3: 21701 | HI3: 21402 | HJ3: 20301 | HK3: 21401 | HL3: 40301 | HM3: 50601 | HN3: 70102 | HO3: 40503 | HP3: 71106 | HQ3: 31405 | HR3: 70704 | HS3: 10902 | HT3: 40401 | HU3: 21602 | HV3: 20804 | HW3: 20105 | HX3: 40103 | HY3: 60502 | HZ3: 71503 | IA3: 70105 | IB3: 10405 | IC3: 31206 | ID3: 60601 | IE3: 40502 | IF3: 20405 | IG3: 40505 | IH3: 41101 | II3: 80402 | IJ3: 71004 | IK3: 90203 | IL3: 71002 | IM3: 20602 | IN3: 20802 | IO3: 80202 | IP3: 70705 | IQ3: 80803 | IR3: 10502 | IS3: 11002 | IT3: 40501 | IU3: 40701 | IV3: 41401 | IW3: 20204 | IX3: 20206 | IY3: 41601 | IZ3: 20404 | JA3: 21005 | JB3: 10304 | JC3: 10703 | JD3: 30301 | JE3: 90402 | JF3: 21001 | JG3: 21102 | JH3: 21501 | JI3: 20806 | JJ3: 21105 | JK3: 70104 | JL3: 20101 | JM3: 41501 | JN3: 70701 | JO3: 21202 | JP3: 10903 | JQ3: 50203 | JR3: 51401 | JS3: 80601 | JT3: 20901 | JU3: 40702 | JV3: 11003 | JW3: 80801 | JX3: 70903 | JY3: 20904 | JZ3: 20607 | KA3: 20103 | KB3: 71003 | KC3: 31301 | KD3: 20402 | KE3: 51002 | KF3: 10303 | KG3: 10501 | KH3: 71001 | KI3: 70803 | KJ3: 30302 | KK3: 11001 | KL3: 20307 | KM3: 90501 | KN3: 50404 | KO3: 70202 | KP3: 30203 | KQ3: 40101 | KR3: 60201 | KS3: 10401 | KT3: 70502 | KU3: 20102 | KV3: 21104 | KW3: 40802 | KX3: 70902 | KY3: 21802 | KZ3: 40104 | LA3: 30202 | LB3: 21305 | LC3: 40602 | LD3: 20702 | LE3: 50403 | LF3: 31203 | LG3: 31202 | LH3: 40601 | LI3: 51203 | LJ3: 10103 | LK3: 70103 | LL3: 70601 | LM3: 90102 | LN3: 70804 | LO3: 50101 | LP3: 10302 | LQ3: 70805 | LR3: 21201 | LS3: 20401 | LT3: 20403 | LU3: 90301 | LV3: 21204 | LW3: 71402 | LX3: 90201 | LY3: 80703 | LZ3: 71401 | MA3: 31205 | MB3: 51101 | MC3: 31401 | MD3: 20604 | ME3: 40202 | MF3: 30901 | MG3: 21002 | MH3: 70904 | MI3: 50402 | MJ3: 80301 | MK3: 80201 | ML3: 70503 | MM3: 80304 | MN3: 40901 | MO3: 31001 | MP3: 30404 | MQ3: 71302 | MR3: 40801 | MS3: 70901 | MT3: 51601 | MU3: 80602 | MV3: 20805 | MW3: 51003 | MX3: 71105 | MY3: 31403 | MZ3: 80302 | NA3: 21502 | NB3: 70402 | NC3: 80501 | ND3: 70301 | NE3: 71102 | NF3: 80102 | NG3: 80701 | NH3: 70501 | NI3: 70404 | NJ3: 71104 | NK3: 90302 | NL3: 10702 | NM3: 71201 | NN3: 70302 | NO3: 51001 | NP3: 71005 | NQ3: 90202 | NR3: 50501 | NS3: 21801 | NT3: 50902 | NU3: 21702 | NV3: 41301 | NW3: 70303 | NX3: 71103 | NY3: 80702 | NZ3: 80401 | OA3: 70101 | OB3: 80303 | OC3: 90401 | OD3: 70602 | OE3: 41201 | OF3: 20205 | OG3: 21901 | OH3: 30702 | OI3: 90503 | OJ3: 20902 | OK3: 90303 | OL3: 31602 | OM3: 21301 | ON3: 30703 | OO3: 30902 | OP3: 10403 | OQ3: 20601 | OR3: 10101 | OS3: 31404 | OT3: 20603 | OU3: 50303 | OV3: 30602 | OW3: 51402 | OX3: 31101 | OY3: 10601 | OZ3: 20807 | PA3: 30401 | PB3: 60101 | PC3: 10202 | PD3: 20608 | PE3: 20803 | PF3: 50102 | PG3: 20606 | PH3: 30903 | PI3: 31601 | PJ3: 21703 | PK3: 30802 | PL3: 41502 | PM3: 30803 | PN3: 41001 | PO3: 51202 | PP3: 10402 | PQ3: 50502 | PR3: 31201 | PS3: 70802 | PT3: 80101 | PU3: 50801 | PV3: 40402 | PW3: 21302 | PX3: 50201 | PY3: 60401 | PZ3: 50104 | QA3: 71502 | QB3: 51201 | QC3: 30502 | QD3: 70801 | QE3: 20801 | QF3: 31302 | QG3: 10901 | QH3: 10404 | QI3: 10704 | QJ3: 50701 | QK3: 21006 | QL3: 90502 | QM3: 31402 | QN3: 60501 | QO3: 10801 | QP3: 31003 | QQ3: 60303 | QR3: 51501 | QS3: 30904 | QT3: 50602 | QU3: 20306 | QV3: 70201 | QW3: 20903 | QX3: 60301 | QY3: 10602 | QZ3: 21103 | RA3: 70403 | RB3: 50103 | RC3: 10102 | RD3: 60402 | RE3: 40504 | RF3: 10301
B4: Chuquisaca | C4: Oropeza | D4: Yotala | E4: 10102 | G4: CHUQUISACA. | I4: CHUQUISACA | J4: AZURDUY | L4: JOSÉ_BALLIVIAN | M4: AZURDUY | N4: CAMPERO | O4: OMASUYOS | P4: ABAROA | Q4: MANURIPI | R4: RAFAEL_BUSTILLO | S4: WARNES | T4: ANICETO_ARCE | V4: YOTALA | W4: TARVITA | X4: PRESTO | Y4: TOMINA | Z4: HUACARETA | AA4: YAMPARÁEZ | AB4: SAN LUCAS | AD4: CULPINA | AE4: HUACAYA | AF4: PALCA | AG4: ANCORAIMES | AH4: CAQUIAVIRI | AI4: MOCOMOCO | AJ4: AYATA | AK4: GUANAY | AL4: PELECHUCO | AM4: GUAQUI | AN4: SAPAHAQUI | AO4: QUIME | AP4: IRUPANA | AQ4: LAJA | AR4: UMALA | AS4: CORIPATA | AT4: SAN BUENAVENTURA | AU4: CURVA | AV4: SAN PEDRO DE TIQUINA | AW4: PAPEL PAMPA | AX4: CATACORA | AY4: ALTO BENI | BA4: PASORAPA | BB4: MOROCHATA | BC4: ANZALDO | BD4: VACAS | BE4: TACOPAYA | BF4: SANTIVÁÑEZ | BG4: TOCO | BH4: SIPESIPE | BI4: COLOMI | BK4: POJO | BL4: VILA VILA | BM4: VILLA RIVERO | BO4: SHINAHOTA | BP4: CARACOLLO | BQ4: QUILLACAS | BR4: CHOQUE COTA | BS4: TURCO | BT4: ESCARA | BU4: PAZÑA | BV4: MACHACAMARCA | BW4: PAMPA AULLAGAS | BX4: COIPASA | CA4: BELÉN_DE_ANDAMARCA | CD4: TODOS SANTOS | CF4: TINGUIPAYA | CG4: CHAYANTA | CH4: CHAQUI | CI4: RAVELO | CJ4: TORO TORO | CK4: VITICHI | CL4: CARIPUYO | CM4: ATOCHA | CN4: SAN PEDRO DE QUEMES | CO4: MOJINETE | CP4: CAIZA "D" | CQ4: TOMAVE | CR4: ACASIO | CS4: TAHUA | CW4: BERMEJO | CX4: CARAPARÍ | CY4: YUNCHARÁ | CZ4: EL PUENTE. | DB4: COTOCA | DC4: OKINAWA UNO | DD4: SAN MIGUEL DE VELASCO | DE4: SAN CARLOS | DF4: PAILÓN | DG4: SANTA ROSA DEL SARA | DH4: CHARAGUA | DI4: TRIGAL | DJ4: PAMPA GRANDE | DK4: GRAL. SAAVEDRA | DL4: SAN JAVIER. | DN4: SAIPINA | DO4: PUERTO QUIJARRO | DP4: URUBICHÁ | DQ4: SAN JAVIER | DR4: GUAYARAMERÍN | DS4: SAN BORJA | DT4: EXALTACIÓN | DV4: SAN ANDRÉS | DW4: SAN RAMÓN | DX4: BAURES | DY4: PORVENIR | DZ4: SAN PEDRO | EA4: SAN LORENZO | EB4: INGAVI | EC4: VILLA NUEVA (LOMA ALTA)
B5: Chuquisaca | C5: Oropeza | D5: Poroma | E5: 10103 | G5: COCHABAMBA. | I5: CHUQUISACA | J5: ZUDÁÑEZ | L5: YACUMA | M5: ZUDÁÑEZ | N5: AYOPAYA | O5: PACAJES | P5: CARANGAS | Q5: MADRE_DE_DIOS | R5: CORNELIO_SAAVEDRA | S5: VELASCO | T5: GRAN_CHACO | V5: POROMA | X5: MOJOCOYA | Y5: SOPACHUY | AB5: INCAHUASI | AD5: LAS CARRERAS | AE5: MACHARETÍ | AF5: MECAPACA | AG5: CHUA COCANI | AH5: CALACOTO | AI5: PUERTO CARABUCO | AJ5: AUCAPATA | AK5: TACACOMA | AM5: TIAHUANACU | AN5: YACO | AO5: CAJUATA | AP5: YANACACHI | AQ5: BATALLAS | AR5: AYO AYO | AV5: TITO YUPANQUI | AW5: CHACARILLA | BA5: OMEREQUE | BB5: COCAPATA | BC5: ARBIETO | BF5: SICAYA | BG5: TOLATA | BH5: TIQUIPAYA | BI5: VILLA TUNARI | BK5: POCONA | BL5: ALALAY | BM5: SAN BENITO | BP5: EL CHORO | BT5: CRUZ DE MACHACAMARCA | BU5: ANTEQUERA | BX5: CHIPAYA | CD5: CARANGAS | CF5: YOCALLA | CG5: LLALLAGUA | CH5: TACOBAMBA | CI5: POCOATA | CO5: SAN ANTONIO DE ESMORUCO | CP5: CKOCHAS | CQ5: PORCO | CX5: VILLAMONTES | DB5: PORONGO | DD5: SAN RAFAEL | DE5: YAPACANÍ | DF5: ROBORÉ | DG5: COLPA BÉLGICA | DH5: CABEZAS | DI5: MORO MORO | DJ5: MAIRANA | DK5: MINEROS | DL5: SAN RAMÓN. | DO5: CARMEN RIVERO TÓRREZ | DP5: EL PUENTE | DS5: SANTA ROSA. | DW5: PUERTO SILES | DX5: HUACARAJE | DY5: BOLPEBRA | DZ5: FILADELFIA | EA5: SENA | EC5: SANTOS MERCADO
B6: Chuquisaca | C6: Azurduy | D6: Azurduy | E6: 10201 | G6: LA_PAZ. | I6: CHUQUISACA | J6: TOMINA | L6: MOXOS | M6: TOMINA | N6: ESTEBAN_ARZE | O6: CAMACHO | P6: SAJAMA | Q6: ABUNÁ | R6: CHAYANTA | S6: ICHILO | T6: AVILES | X6: ICLA | Y6: VILLA ALCALA | AB6: VILLA CHARCAS | AF6: ACHOCALLA | AG6: HUARINA | AH6: COMANCHE | AI6: HUMANATA | AK6: QUIABAYA | AM6: DESAGUADERO | AN6: MALLA | AO6: COLQUIRI | AP6: PALOS BLANCOS | AQ6: PUERTO PÉREZ | AR6: CALAMARCA | BC6: SACABAMBA | BH6: VINTO | BK6: CHIMORÉ | BM6: TACACHI | BP6: PARI - PARIA - SORACACHI | BT6: YUNGUYO DE LITORAL | CF6: URMIRI | CG6: CHUQUIHUTA | CI6: OCURÍ | DB6: LA GUARDIA | DE6: SAN JUAN DE YAPACANÍ | DH6: CUEVO | DI6: POSTRER VALLE | DJ6: QUIRUSILLAS | DK6: FERNÁNDEZ ALONSO | DL6: SAN JULIÁN | DS6: RURRENABAQUE | DY6: BELLA FLOR
B7: Chuquisaca | C7: Azurduy | D7: Tarvita | E7: 10202 | G7: ORURO. | I7: CHUQUISACA | J7: HERNANDO SILES | L7: MARBÁN | M7: HERNANDO_SILES | N7: ARANI | O7: MUÑECAS | P7: LITORAL | Q7: FEDERICO_ROMÁN | R7: CHARCAS | S7: CHIQUITOS | T7: MÉNDEZ | Y7: EL VILLAR | AF7: EL ALTO | AG7: SANTIAGO DE HUATA | AH7: CHARAÑA | AI7: ESCOMA | AK7: COMBAYA | AM7: SAN ANDRÉS DE MACHACA | AN7: CAIROMA | AO7: ICHOCA | AP7: LA ASUNTA | AR7: PATACAMAYA | BH7: COLCAPIRHUA | BK7: PUERTO VILLARROEL | BM7: CUCHUMUELA | BT7: ESMERALDA | DB7: EL TORNO | DH7: GUTIÉRREZ | DI7: PUCARÁ | DK7: SAN PEDRO. | DL7: SAN ANTONIO DE LOMERÍO
B8: Chuquisaca | C8: Zudáñez | D8: Zudañez | E8: 10301 | G8: PANDO. | I8: CHUQUISACA | J8: YAMPARÁEZ | L8: MAMORÉ | M8: YAMPARÁEZ | N8: ARQUE | O8: LARECAJA | P8: POOPÓ | R8: NOR_CHICHAS | S8: SARA | T8: BURNET_O_CONNOR | AG8: HUATAJATA | AH8: WALDO BALLIVIÁN | AK8: TIPUANI | AM8: JESÚS DE MACHACA | AO8: VILLA LIBERTAD LICOMA | AR8: COLQUENCHA | BK8: ENTRE RÍOS. | DH8: CAMIRI | DL8: CUATRO CAÑADAS
B9: Chuquisaca | C9: Zudáñez | D9: Presto | E9: 10302 | G9: POTOSÍ. | I9: CHUQUISACA | J9: NOR CINTI | L9: ITÉNEZ | M9: NOR_CINTI | N9: CAPINOTA | O9: FRANZ_TAMAYO | P9: PANTALEÓN DALENCE | R9: ALONSO_DE_IBÁÑEZ | S9: CORDILLERA | AH9: NAZACARA DE PACAJES | AK9: MAPIRI | AM9: TARACO | AR9: COLLANA | DH9: BOYUIBE
B10: Chuquisaca | C10: Zudáñez | D10: Mojocoya | E10: 10303 | G10: SANTA_CRUZ. | I10: CHUQUISACA | J10: BELISARIO BOETO | M10: BELISARIO_BOETO | N10: GERMAN_JORDAN | O10: INGAVI | P10: LADISLAO CABRERA | R10: SUR_CHICHAS | S10: VALLEGRANDE | AH10: CALLAPA | AK10: TEOPONTE
B11: Chuquisaca | C11: Zudáñez | D11: Icla | E11: 10304 | G11: TARIJA. | I11: CHUQUISACA | J11: SUD CINTI | M11: SUD_CINTI | N11: QUILLACOLLO | O11: LOAYZA | P11: SABAYA | R11: NOR_LÍPEZ | S11: FLORIDA
B12: Chuquisaca | C12: Tomina | D12: Padilla | E12: 10401 | I12: CHUQUISACA | J12: LUIS CALVO | M12: LUIS_CALVO | N12: CHAPARE | O12: INQUISIVI | P12: SAUCARÍ | R12: SUR_LÍPEZ | S12: OBISPO_SANTISTEVAN
B13: Chuquisaca | C13: Tomina | D13: Tomina | E13: 10402 | I13: LA PAZ | J13: MURILLO | N13: TAPACARÍ | O13: SUD_YUNGAS | P13: TOMÁS BARRÓN | R13: JOSÉ_MARÍA_LINARES | S13: ÑUFLO_DE_CHÁVEZ
B14: Chuquisaca | C14: Tomina | D14: Sopachuy | E14: 10403 | I14: LA PAZ | J14: OMASUYOS | N14: CARRASCO | O14: LOS_ANDES | P14: SUR CARANGAS | R14: ANTONIO_QUIJARRO | S14: ÁNGEL_SANDÓVAL
B15: Chuquisaca | C15: Tomina | D15: Villa Alcala | E15: 10404 | I15: LA PAZ | J15: PACAJES | N15: MIZQUE | O15: AROMA | P15: SAN PEDRO DE TOTORA | R15: BERNARDINO_BILBAO_RIOJA | S15: MANUEL_MARÍA_CABALLERO
B16: Chuquisaca | C16: Tomina | D16: El Villar | E16: 10405 | I16: LA PAZ | J16: CAMACHO | N16: PUNATA | O16: NOR_YUNGAS | P16: SEBASTIÁN PAGADOR | R16: DANIEL_CAMPOS | S16: GERMÁN_BUSCH
B17: Chuquisaca | C17: Hernando Siles | D17: Monteagudo | E17: 10501 | I17: LA PAZ | J17: MUÑECAS | N17: BOLÍVAR | O17: ABEL_ITURRALDE | P17: MEJILLONES | R17: MODESTO_OMISTE | S17: GUARAYOS
B18: Chuquisaca | C18: Hernando Siles | D18: Huacareta | E18: 10502 | I18: LA PAZ | J18: LARECAJA | N18: TIRAQUE | O18: BAUTISTA_SAAVEDRA | P18: NOR CARANGAS | R18: ENRIQUE_BALDIVIESO
B19: Chuquisaca | C19: Yamparáez | D19: Tarabuco | E19: 10601 | I19: LA PAZ | J19: FRANZ TAMAYO | O19: MANCO_KAPAC
B20: Chuquisaca | C20: Yamparáez | D20: Yamparáez | E20: 10602 | I20: LA PAZ | J20: INGAVI | O20: GUALBERTO_VILLARROEL
B21: Chuquisaca | C21: Nor Cinti | D21: Camargo | E21: 10701 | I21: LA PAZ | J21: LOAYZA | O21: JOSÉ_MANUEL_PANDO
B22: Chuquisaca | C22: Nor Cinti | D22: San Lucas | E22: 10702 | I22: LA PAZ | J22: INQUISIVI | O22: CARANAVI
B23: Chuquisaca | C23: Nor Cinti | D23: Incahuasi | E23: 10703 | I23: LA PAZ | J23: SUD YUNGAS
B24: Chuquisaca | C24: Nor Cinti | D24: Villa Charcas | E24: 10704 | I24: LA PAZ | J24: LOS ANDES
B25: Chuquisaca | C25: Belisario Boeto | D25: Villa Serrano | E25: 10801 | I25: LA PAZ | J25: AROMA
B26: Chuquisaca | C26: Sud Cinti | D26: Villa Abecia | E26: 10901 | I26: LA PAZ | J26: NOR YUNGAS
B27: Chuquisaca | C27: Sud Cinti | D27: Culpina | E27: 10902 | I27: LA PAZ | J27: ABEL ITURRALDE
B28: Chuquisaca | C28: Sud Cinti | D28: Las carreras | E28: 10903 | I28: LA PAZ | J28: BAUTISTA SAAVEDRA
B29: Chuquisaca | C29: Luis Calvo | D29: Muyupampa | E29: 11001 | I29: LA PAZ | J29: MANCO KAPAC
B30: Chuquisaca | C30: Luis Calvo | D30: Huacaya | E30: 11002 | I30: LA PAZ | J30: GUALBERTO VILLARROEL
B31: Chuquisaca | C31: Luis Calvo | D31: Macharetí | E31: 11003 | I31: LA PAZ | J31: JOSÉ MANUEL PANDO
B32: La Paz | C32: Murillo | D32: La Paz | E32: 20101 | I32: LA PAZ | J32: CARANAVI
B33: La Paz | C33: Murillo | D33: Palca | E33: 20102 | I33: COCHABAMBA | J33: CERCADO
B34: La Paz | C34: Murillo | D34: Mecapaca | E34: 20103 | I34: COCHABAMBA | J34: CAMPERO
... B48: La Paz | C48: Pacajes | D48: Waldo Ballivián | E48: 20306 | I48: COCHABAMBA | J48: TIRAQUE
I49: ORURO | J49: CERCADO_OR
B50: La Paz | C50: Pacajes | D50: Nazacara de Pacajes | E50: 20307 | I50: ORURO | J50: ABAROA
B51: La Paz | C51: Pacajes | D51: Callapa | E51: 20308 | I51: ORURO | J51: CARANGAS
B52: La Paz | C52: Camacho | D52: Puerto Acosta | E52: 20401 | I52: ORURO | J52: SAJAMA
B53: La Paz | C53: Camacho | D53: Mocomoco | E53: 20402 | I53: ORURO | J53: LITORAL
B54: La Paz | C54: Camacho | D54: Puerto Carabuco | E54: 20403 | I54: ORURO | J54: POOPÓ
B55: La Paz | C55: Camacho | D55: Humanata | E55: 20404 | I55: ORURO | J55: PANTALEÓN DALENCE
B56: La Paz | C56: Camacho | D56: Escoma | E56: 20405 | I56: ORURO | J56: LADISLAO CABRERA
B57: La Paz | C57: Muñecas | D57: Chuma | E57: 20501 | I57: ORURO | J57: SABAYA
B58: La Paz | C58: Muñecas | D58: Ayata | E58: 20502 | I58: ORURO | J58: SAUCARÍ
B59: La Paz | C59: Muñecas | D59: Aucapata | E59: 20503 | I59: ORURO | J59: TOMÁS BARRÓN
B60: La Paz | C60: Larecaja | D60: Sorata | E60: 20601 | I60: ORURO | J60: SUR CARANGAS
B61: La Paz | C61: Larecaja | D61: Guanay | E61: 20602 | I61: ORURO | J61: SAN PEDRO DE TOTORA
... B80: La Paz | C80: Loayza | D80: Malla | E80: 20904 | I80: POTOSÍ | J80: ENRIQUE BALDIVIESO
I81: TARIJA | J81: CERCADO_TJ
B82: La Paz | C82: Loayza | D82: Cairoma | E82: 20905 | I82: TARIJA | J82: ANICETO ARCE
B83: La Paz | C83: Inquisivi | D83: Inquisivi | E83: 21001 | I83: TARIJA | J83: GRAN CHACO
B84: La Paz | C84: Inquisivi | D84: Quime | E84: 21002 | I84: TARIJA | J84: AVILES
B85: La Paz | C85: Inquisivi | D85: Cajuata | E85: 21003 | I85: TARIJA | J85: MÉNDEZ
B86: La Paz | C86: Inquisivi | D86: Colquiri | E86: 21004 | I86: TARIJA | J86: BURNET O' CONNOR
B87: La Paz | C87: Inquisivi | D87: Ichoca | E87: 21005 | I87: SANTA CRUZ | J87: ANDRÉS IBÁÑEZ
B88: La Paz | C88: Inquisivi | D88: Villa Libertad Licoma | E88: 21006 | I88: SANTA CRUZ | J88: WARNES
B89: La Paz | C89: Sud Yungas | D89: Chulumani | E89: 21101 | I89: SANTA CRUZ | J89: VELASCO
B90: La Paz | C90: Sud Yungas | D90: Irupana | E90: 21102 | I90: SANTA CRUZ | J90: ICHILO
B91: La Paz | C91: Sud Yungas | D91: Yanacachi | E91: 21103 | I91: SANTA CRUZ | J91: CHIQUITOS
B92: La Paz | C92: Sud Yungas | D92: Palos Blancos | E92: 21104 | I92: SANTA CRUZ | J92: SARA
B93: La Paz | C93: Sud Yungas | D93: La Asunta | E93: 21105 | I93: SANTA CRUZ | J93: CORDILLERA
... B113: La Paz | C113: Manco Kapac | D113: Tito Yupanqui | E113: 21703 | I113: PANDO | J113: FEDERICO ROMÁN
B114: La Paz | C114: Gualberto Villarroel | D114: San Pedro de Curahuara | E114: 21801
B115: La Paz | C115: Gualberto Villarroel | D115: Papel Pampa | E115: 21802
B116: La Paz | C116: Gualberto Villarroel | D116: Chacarilla | E116: 21803
B117: La Paz | C117: José Manuel Pando | D117: Santiago de Machaca | E117: 21901
B118: La Paz | C118: José Manuel Pando | D118: Catacora | E118: 21902
B119: La Paz | C119: Caranavi | D119: Caranavi | E119: 22001
B120: La Paz | C120: Caranavi | D120: Alto Beni | E120: 22002
B121: Cochabamba | C121: Cercado | D121: Cochabamba | E121: 30101
B122: Cochabamba | C122: Campero | D122: Aiquile | E122: 30201
B123: Cochabamba | C123: Campero | D123: Pasorapa | E123: 30202
B124: Cochabamba | C124: Campero | D124: Omereque | E124: 30203
B125: Cochabamba | C125: Ayopaya | D125: Independencia | E125: 30301
... B343: Pando | C343: Federico Román | D343: Santos Mercado | E343: 90503

Sheet BD_OECA
A1: Numero Correlativo | B1: CÓDIGO OECA | C1: 1. Identificación de la OECA | P1: 2. Actividad Productiva de la OECA (Agrícola y Pecuaria) | V1: 3. Producción Agropecuaria, Comercialización y Transformación | JI1: 5. Identificación del Agente Registrador
V2: 3.1. Producción Agrícola (Principales Productos) | DE2: 3.2. Producto Pecuario | GQ2: 3.3. Producción Piscícola | HU2: 3.4. Producción Silvícola y Productos Transformados y Sistemas Agroforestales. | IO2: 3.5. Recoleccion de la Agricultura Primaria.(Especies Forestables NO Maderables)
V3: N° | W3: 1. PRODUCTOS PRINCIPALES | X3: 1. CANTIDAD ANUAL PRODUCIDA POR LA OECA | Z3: 1. ¿Realiza la transformación del producto? | AA3: 1.1. Mencione los productos o subproductos principales | AB3: 1.1. ¿Cantidad Utilizada para la transformacion? (Unidad de Medida) | AC3: 1.1. DESTINO DE LOS PRODUCTOS PRINCIPALES (%) | AF3: 1.1. PRECIO DE VENTA (Bolivianos/Unidad de Medida) | AI3: 1.2. Mencione los productos o subproductos principales | AJ3: 1.2. ¿Cantidad Utilizada para la transformacion? (Unidad de Medida) | AK3: 1.2. DESTINO DE LOS PRODUCTOS PRINCIPALES (%) | AN3: 1.2. PRECIO DE VENTA (Bolivianos/Unidad de Medida) | AQ3: 1.3. Mencione los productos o subproductos principales | AR3: 1.3. ¿Cantidad Utilizada para la transformacion? (Unidad de Medida) | AS3: 1.3. DESTINO DE LOS PRODUCTOS PRINCIPALES (%) | AV3: 1.3. PRECIO DE VENTA (Bolivianos/Unidad de Medida) | AY3: N° | AZ3: 2. PRODUCTOS PRINCIPALES | BA3: 2. CANTIDAD ANUAL PRODUCIDA POR LA OECA | BC3: 2. ¿Realiza la transformación del producto? | BD3: 2.1. Mencione los productos o subproductos principales | BE3: 2.1. ¿Cantidad Utilizada para la transformacion? (Unidad de Medida) | BF3: 2.1. DESTINO DE LOS PRODUCTOS PRINCIPALES (%) | BI3: 2.1. PRECIO DE VENTA (Bolivianos/Unidad de Medida) | BL3: 2.2. Mencione los productos o subproductos principales | BM3: 2.2. ¿Cantidad Utilizada para la transformacion? (Unidad de Medida) | BN3: 2.2. DESTINO DE LOS PRODUCTOS PRINCIPALES (%) | BQ3: 2.2. PRECIO DE VENTA (Bolivianos/Unidad de Medida) | BT3: 2.3. Mencione los productos o subproductos principales | BU3: 2.3. ¿Cantidad Utilizada para la transformacion? (Unidad de Medida) | BV3: 2.3. DESTINO DE LOS PRODUCTOS PRINCIPALES (%) | BY3: 2.3. PRECIO DE VENTA (Bolivianos/Unidad de Medida) | CB3: N° | CC3: 3. PRODUCTOS PRINCIPALES | CD3: 3. CANTIDAD ANUAL PRODUCIDA POR LA OECA | CF3: 3. ¿Realiza la transformación del producto? | CG3: 3. Mencione los productos o subproductos principales | CH3: 3. ¿Cantidad Utilizada para la transformacion? (Unidad de Medida) | CI3: 3. DESTINO DE LOS PRODUCTOS PRINCIPALES (%) | CL3: 3. PRECIO DE VENTA (Bolivianos/Unidad de Medida) | CO3: 2.2. Mencione los productos o subproductos principales | CP3: 2.2. ¿Cantidad Utilizada para la transformacion? (Unidad de Medida) | CQ3: 2.2. DESTINO DE LOS PRODUCTOS PRINCIPALES (%) | CT3: 2.2. PRECIO DE VENTA (Bolivianos/Unidad de Medida) | CW3: 2.3. Mencione los productos o subproductos principales | CX3: 2.3. ¿Cantidad Utilizada para la transformacion? (Unidad de Medida) | CY3: 2.3. DESTINO DE LOS PRODUCTOS PRINCIPALES (%) | DB3: 2.3. PRECIO DE VENTA (Bolivianos/Unidad de Medida) | DE3: N° | DF3: 1. TIPO DE GANADO | DG3: 1. PRODUCTO | DH3: 1. CANTIDAD ANUAL PRODUCIDA POR LA OECA | DJ3: 1. ¿Realiza la transformación del producto? | DK3: 1,1. Mencione los productos o subproductos principales | DL3: 1,1 ¿Cantidad Utilizada para la transformacion? (Unidad de Medida) | DM3: 1,1. DESTINO DE LOS PRODUCTOS PRINCIPALES (%) | DP3: 1,1. PRECIO DE VENTA (Bolivianos/Unidad de Medida) | DS3: 1,2,2. Mencione los productos o subproductos principales | DT3: 1,2 ¿Cantidad Utilizada para la transformacion? (Unidad de Medida) | DU3: 1,2. DESTINO DE LOS PRODUCTOS PRINCIPALES (%) | DX3: 1,2. PRECIO DE VENTA (Bolivianos/Unidad de Medida) | EA3: 1,3. Mencione los productos o subproductos principales | EB3: 1,3 ¿Cantidad Utilizada para la transformacion? (Unidad de Medida) | EC3: 1,3. DESTINO DE LOS PRODUCTOS PRINCIPALES (%) | EF3: 1,3. PRECIO DE VENTA (Bolivianos/Unidad de Medida) | EI3: N° | EJ3: 2. TIPO DE GANADO | EK3: 2. PRODUCTO | EL3: 2. CANTIDAD ANUAL PRODUCIDA POR LA OECA | EN3: 2. ¿Realiza la transformación del producto? | EO3: 2,1. Mencione los productos o subproductos principales | EP3: 2,1 ¿Cantidad Utilizada para la transformacion? (Unidad de Medida) | EQ3: 2,1. DESTINO DE LOS PRODUCTOS PRINCIPALES (%) | ET3: 2,1. PRECIO DE VENTA (Bolivianos/Unidad de Medida) | EW3: 2,2. Mencione los productos o subproductos principales | EX3: 2,2 ¿Cantidad Utilizada para la transformacion? (Unidad de Medida) | EY3: 2,2. DESTINO DE LOS PRODUCTOS PRINCIPALES (%) | FB3: 2,2. PRECIO DE VENTA (Bolivianos/Unidad de Medida) | FE3: 2,3. Mencione los productos o subproductos principales | FF3: 2,3 ¿Cantidad Utilizada para la transformacion? (Unidad de Medida) | FG3: 2,3. DESTINO DE LOS PRODUCTOS PRINCIPALES (%) | FJ3: 2,3. PRECIO DE VENTA (Bolivianos/Unidad de Medida) | FM3: N° | FN3: 3. TIPO DE GANADO | FO3: 3. PRODUCTO | FP3: 3. CANTIDAD ANUAL PRODUCIDA POR LA OECA | FR3: 3. ¿Realiza la transformación del producto? | FS3: 3,1. Mencione los productos o subproductos principales | FT3: 3,1 ¿Cantidad Utilizada para la transformacion? (Unidad de Medida) | FU3: 3,1. DESTINO DE LOS PRODUCTOS PRINCIPALES (%) | FX3: 3,1. PRECIO DE VENTA (Bolivianos/Unidad de Medida) | GA3: 3,2. Mencione los productos o subproductos principales | GB3: 3,2 ¿Cantidad Utilizada para la transformacion? (Unidad de Medida) | GC3: 3,2. DESTINO DE LOS PRODUCTOS PRINCIPALES (%) | GF3: 3,2. PRECIO DE VENTA (Bolivianos/Unidad de Medida) | GI3: 3,3. Mencione los productos o subproductos principales | GJ3: 3,3 ¿Cantidad Utilizada para la transformacion? (Unidad de Medida) | GK3: 3,3. DESTINO DE LOS PRODUCTOS PRINCIPALES (%) | GN3: 3,3. PRECIO DE VENTA (Bolivianos/Unidad de Medida) | GQ3: N° | GR3: 1. ESPECIE APROVECHADA | GS3: 1. Pesca 2. Cria 3. Ambos | GT3: 1. VOLUMEN ANUAL (Kilos) | GU3: 1. DESTINO DE LOS PRODUCTOS PRINCIPALES (%) | GX3: 1. PRECIO DE VENTA (Bolivianos/kilo) | HA3: N° | HB3: 2. ESPECIE APROVECHADA | HC3: 1. Pesca 2. Cria 3. Ambos | HD3: 2. VOLUMEN ANUAL (Kilos) | HE3: 2. DESTINO DE LOS PRODUCTOS PRINCIPALES (%) | HH3: 2. PRECIO DE VENTA (Bolivianos/kilo) | HK3: N° | HL3: 3. ESPECIE APROVECHADA | HM3: 1. Pesca 2. Cria 3. Ambos | HN3: 3. VOLUMEN ANUAL (Kilos) | HO3: 3. DESTINO DE LOS PRODUCTOS PRINCIPALES (%) | HR3: 3. PRECIO DE VENTA (Bolivianos/kilo) | HU3: N° | HV3: 1. Especies Forestables Maderables | HW3: 1.PRODUCTO | HX3: 1. Cantidad (Pie tablar) | HY3: 1. DESTINO DE LOS PRODUCTOS PRINCIPALES (%) | IB3: 1. PRECIO DE VENTA (Bolivianos/Pie tablar) | IE3: N° | IF3: 2. Especies Forestables Maderables | IG3: 2.PRODUCTO | IH3: 2. Cantidad (Pie tablar) | II3: 2. DESTINO DE LOS PRODUCTOS PRINCIPALES (%) | IL3: 2. PRECIO DE VENTA (Bolivianos/Pie tablar) | IO3: N° | IP3: 1. Especies Forestables NO Maderables (especies ) | IQ3: 1. PRODUCTO | IR3: 1. Cantidad (Kilos) | IS3: 1. DESTINO DE LOS PRODUCTOS PRINCIPALES (%) | IV3: 1. PRECIO DE VENTA (Bolivianos/Kilo) | IY3: N° | IZ3: 2. Especies Forestables NO Maderables (especies ) | JA3: 2. PRODUCTO | JB3: 2. Cantidad (Kilos) | JC3: 2. DESTINO DE LOS PRODUCTOS PRINCIPALES (%) | JF3: 2. PRECIO DE VENTA (Bolivianos/Kilo) | JI3: Fecha de Emisión: | JJ3: Departamento Emisión: | JK3: Municipio Emisión: | JL3: Nombres: | JM3: Apellido Paterno: | JN3: Apellido Materno: | JO3: Nro de CI. | JP3: Expedido:
C4: Nombre: | D4: =+OECA!AS10 -> Número de personería jurídica / Certificación de pertenencia | E4: =+OECA!BG10 -> Expedido | F4: Representante OECA | G4: Teléfono: | H4: Departamento: | I4: Provincia: | J4: Municipio: | K4: Comunidad | L4: Año de Fundación | M4: N° Socios Activos de la OECA | N4: N° Socios Pasivos de la OECA: | O4: Dirección: OECA | P4: Actividad Principal: | Q4: Rubro 1 | R4: Rubro 2 | S4: Actividad Secundaria: | T4: Rubro 1 | U4: Rubro 2 | X4: 1. CANTIDAD | Y4: 1. UNIDAD DE MEDIDA | AC4: 1.1. MERCADO LOCAL (DENTRO DE LA COMUNIDAD) | AD4: 1.1. MERCADO FUERA DE LA COMUNIDAD | AE4: 1.1. MERCADO EXTERNO (EXPORTACION) | AF4: 1.1. MERCADO LOCAL (DENTRO DE LA COMUNIDAD) | AG4: 1.1. MERCADO FUERA DE LA COMUNIDAD | AH4: 1.1. MERCADO EXTERNO | AK4: 1.2. MERCADO LOCAL (DENTRO DE LA COMUNIDAD) | AL4: 1.2. MERCADO FUERA DE LA COMUNIDAD | AM4: 1.2. MERCADO EXTERNO (EXPORTACION) | AN4: 1.2. MERCADO LOCAL (DENTRO DE LA COMUNIDAD) | AO4: 1.2. MERCADO FUERA DE LA COMUNIDAD | AP4: 1.2. MERCADO EXTERNO | AS4: 1.3. MERCADO LOCAL (DENTRO DE LA COMUNIDAD) | AT4: 1.3. MERCADO FUERA DE LA COMUNIDAD | AU4: 1.3. MERCADO EXTERNO (EXPORTACION) | AV4: 1.3. MERCADO LOCAL (DENTRO DE LA COMUNIDAD) | AW4: 1.3. MERCADO FUERA DE LA COMUNIDAD | AX4: 1.3. MERCADO EXTERNO | BA4: 2. CANTIDAD | BB4: 2. UNIDAD DE MEDIDA | BF4: 2.1. MERCADO LOCAL (DENTRO DE LA COMUNIDAD) | BG4: 2.1. MERCADO FUERA DE LA COMUNIDAD | BH4: 2.1. MERCADO EXTERNO (EXPORTACION) | BI4: 2.1. MERCADO LOCAL (DENTRO DE LA COMUNIDAD) | BJ4: 2.1. MERCADO FUERA DE LA COMUNIDAD | BK4: 2.1. MERCADO EXTERNO | BN4: 2.2. MERCADO LOCAL (DENTRO DE LA COMUNIDAD) | BO4: 2.2. MERCADO FUERA DE LA COMUNIDAD | BP4: 2.2. MERCADO EXTERNO (EXPORTACION) | BQ4: 2.2. MERCADO LOCAL (DENTRO DE LA COMUNIDAD) | BR4: 2.2. MERCADO FUERA DE LA COMUNIDAD | BS4: 2.2. MERCADO EXTERNO | BV4: 2.3. MERCADO LOCAL (DENTRO DE LA COMUNIDAD) | BW4: 2.3. MERCADO FUERA DE LA COMUNIDAD | BX4: 2.3. MERCADO EXTERNO (EXPORTACION) | BY4: 2.3. MERCADO LOCAL (DENTRO DE LA COMUNIDAD) | BZ4: 2.3. MERCADO FUERA DE LA COMUNIDAD | CA4: 2.3. MERCADO EXTERNO | CD4: 3. CANTIDAD | CE4: 3. UNIDAD DE MEDIDA | CI4: 3. MERCADO LOCAL (DENTRO DE LA COMUNIDAD) | CJ4: 3. MERCADO FUERA DE LA COMUNIDAD | CK4: 3. MERCADO EXTERNO (EXPORTACION) | CL4: 3. MERCADO LOCAL (DENTRO DE LA COMUNIDAD) | CM4: 3. MERCADO FUERA DE LA COMUNIDAD | CN4: 3. MERCADO EXTERNO | CQ4: 2.2. MERCADO LOCAL (DENTRO DE LA COMUNIDAD) | CR4: 2.2. MERCADO FUERA DE LA COMUNIDAD | CS4: 2.2. MERCADO EXTERNO (EXPORTACION) | CT4: 2.2. MERCADO LOCAL (DENTRO DE LA COMUNIDAD) | CU4: 2.2. MERCADO FUERA DE LA COMUNIDAD | CV4: 2.2. MERCADO EXTERNO | CY4: 2.3. MERCADO LOCAL (DENTRO DE LA COMUNIDAD) | CZ4: 2.3. MERCADO FUERA DE LA COMUNIDAD | DA4: 2.3. MERCADO EXTERNO (EXPORTACION) | DB4: 2.3. MERCADO LOCAL (DENTRO DE LA COMUNIDAD) | DC4: 2.3. MERCADO FUERA DE LA COMUNIDAD | DD4: 2.3. MERCADO EXTERNO | DH4: CANTIDAD | DI4: UNIDAD DE MEDIDA | DM4: MERCADO LOCAL (Dentro de la comunidad) | DN4: MERCADO FUERA DE LA COMUNIDAD | DO4: MERCADO EXTERNO (Exportación) | DP4: MERCADO LOCAL (Dentro de la comunidad) | DQ4: MERCADO FUERA DE LA COMUNIDAD | DR4: MERCADO EXTERNO | DU4: MERCADO LOCAL (Dentro de la comunidad) | DV4: MERCADO FUERA DE LA COMUNIDAD | DW4: MERCADO EXTERNO (Exportación) | DX4: MERCADO LOCAL (Dentro de la comunidad) | DY4: MERCADO FUERA DE LA COMUNIDAD | DZ4: MERCADO EXTERNO | EC4: MERCADO LOCAL (Dentro de la comunidad) | ED4: MERCADO FUERA DE LA COMUNIDAD | EE4: MERCADO EXTERNO (Exportación) | EF4: MERCADO LOCAL (Dentro de la comunidad) | EG4: MERCADO FUERA DE LA COMUNIDAD | EH4: MERCADO EXTERNO | EL4: CANTIDAD | EM4: UNIDAD DE MEDIDA | EQ4: MERCADO LOCAL (Dentro de la comunidad) | ER4: MERCADO FUERA DE LA COMUNIDAD | ES4: MERCADO EXTERNO (Exportación) | ET4: MERCADO LOCAL (Dentro de la comunidad) | EU4: MERCADO FUERA DE LA COMUNIDAD | EV4: MERCADO EXTERNO | EY4: MERCADO LOCAL (Dentro de la comunidad) | EZ4: MERCADO FUERA DE LA COMUNIDAD | FA4: MERCADO EXTERNO (Exportación) | FB4: MERCADO LOCAL (Dentro de la comunidad) | FC4: MERCADO FUERA DE LA COMUNIDAD | FD4: MERCADO EXTERNO | FG4: MERCADO LOCAL (Dentro de la comunidad) | FH4: MERCADO FUERA DE LA COMUNIDAD | FI4: MERCADO EXTERNO (Exportación) | FJ4: MERCADO LOCAL (Dentro de la comunidad) | FK4: MERCADO FUERA DE LA COMUNIDAD | FL4: MERCADO EXTERNO | FP4: CANTIDAD | FQ4: UNIDAD DE MEDIDA | FU4: MERCADO LOCAL (Dentro de la comunidad) | FV4: MERCADO FUERA DE LA COMUNIDAD | FW4: MERCADO EXTERNO (Exportación) | FX4: MERCADO LOCAL (Dentro de la comunidad) | FY4: MERCADO FUERA DE LA COMUNIDAD | FZ4: MERCADO EXTERNO | GC4: MERCADO LOCAL (Dentro de la comunidad) | GD4: MERCADO FUERA DE LA COMUNIDAD | GE4: MERCADO EXTERNO (Exportación) | GF4: MERCADO LOCAL (Dentro de la comunidad) | GG4: MERCADO FUERA DE LA COMUNIDAD | GH4: MERCADO EXTERNO | GK4: MERCADO LOCAL (Dentro de la comunidad) | GL4: MERCADO FUERA DE LA COMUNIDAD | GM4: MERCADO EXTERNO (Exportación) | GN4: MERCADO LOCAL (Dentro de la comunidad) | GO4: MERCADO FUERA DE LA COMUNIDAD | GP4: MERCADO EXTERNO | GU4: MERCADO LOCAL (DENTRO DE LA COMUNIDAD) | GV4: MERCADO FUERA DE LA COMUNIDAD | GW4: MERCADO EXTERNO (EXPORTACION) | GX4: MERCADO LOCAL (DENTRO DE LA COMUNIDAD) | GY4: MERCADO FUERA DE LA COMUNIDAD | GZ4: MERCADO EXTERNO (EXPORTACION) | HE4: MERCADO LOCAL (DENTRO DE LA COMUNIDAD) | HF4: MERCADO FUERA DE LA COMUNIDAD | HG4: MERCADO EXTERNO (EXPORTACION) | HH4: MERCADO LOCAL (DENTRO DE LA COMUNIDAD) | HI4: MERCADO FUERA DE LA COMUNIDAD | HJ4: MERCADO EXTERNO (EXPORTACION) | HO4: MERCADO LOCAL (DENTRO DE LA COMUNIDAD) | HP4: MERCADO FUERA DE LA COMUNIDAD | HQ4: MERCADO EXTERNO (EXPORTACION) | HR4: MERCADO LOCAL (DENTRO DE LA COMUNIDAD) | HS4: MERCADO FUERA DE LA COMUNIDAD | HT4: MERCADO EXTERNO (EXPORTACION) | HY4: MERCADO LOCAL (DENTRO DE LA COMUNIDAD) | HZ4: MERCADO FUERA DE LA COMUNIDAD | IA4: MERCADO EXTERNO (EXPORTACION) | IB4: MERCADO LOCAL (DENTRO DE LA COMUNIDAD) | IC4: MERCADO FUERA DE LA COMUNIDAD | ID4: MERCADO EXTERNO (EXPORTACION) | II4: MERCADO LOCAL (DENTRO DE LA COMUNIDAD) | IJ4: MERCADO FUERA DE LA COMUNIDAD | IK4: MERCADO EXTERNO (EXPORTACION) | IL4: MERCADO LOCAL (DENTRO DE LA COMUNIDAD) | IM4: MERCADO FUERA DE LA COMUNIDAD | IN4: MERCADO EXTERNO (EXPORTACION) | IS4: MERCADO LOCAL (DENTRO DE LA COMUNIDAD) | IT4: MERCADO FUERA DE LA COMUNIDAD | IU4: MERCADO EXTERNO (EXPORTACION) | IV4: MERCADO LOCAL (DENTRO DE LA COMUNIDAD) | IW4: MERCADO FUERA DE LA COMUNIDA | IX4: MERCADO EXTERNO (EXPORTACION) | JC4: MERCADO LOCAL (DENTRO DE LA COMUNIDAD) | JD4: MERCADO FUERA DE LA COMUNIDAD | JE4: MERCADO EXTERNO (EXPORTACION) | JF4: MERCADO LOCAL (DENTRO DE LA COMUNIDAD) | JG4: MERCADO FUERA DE LA COMUNIDA | JH4: MERCADO EXTERNO (EXPORTACION)
A5: =+OECA!BL10 -> 0 | B5: =#REF! -> #REF! | C5: =OECA!I10 -> 0 | D5: =+OECA!AZ10 -> 0 | E5: =+OECA!BJ10 -> 0 | F5: =OECA!I14 -> 0 | G5: =OECA!BI14 -> 0 | H5: =OECA!I16 -> 0 | I5: =OECA!W16 -> 0 | J5: =OECA!AJ16 -> 0 | K5: =OECA!AU16 -> 0 | L5: =#REF! -> #REF! | M5: =OECA!J19 -> 0 | N5: =OECA!T19 -> 0 | O5: =OECA!AI19 -> 0 | P5: =OECA!I25 -> 0 | Q5: =OECA!AD25 -> AGRICOLA | R5: =OECA!AV25 -> 0 | S5: =OECA!I27 -> 0 | T5: =OECA!AD27 -> 0 | U5: =OECA!AV27 -> 0 | V5: =OECA!E37 -> 1 | W5: =OECA!F37 -> 0 | X5: =OECA!L37 -> 0 | Y5: =OECA!O37 -> 0 | Z5: =OECA!R37 -> 0 | AA5: =OECA!W37 -> 0 | AB5: =OECA!AE37 -> 0 | AC5: =OECA!AK37 -> 0 | AD5: =OECA!AP37 -> 0 | AE5: =OECA!AT37 -> 0 | AF5: =OECA!AX37 -> 0 | AG5: =OECA!BD37 -> 0 | AH5: =OECA!BL37 -> 0 | AI5: =OECA!W38 -> 0 | AJ5: =OECA!AE38 -> 0 | AK5: =OECA!AK38 -> 0 | AL5: =OECA!AP38 -> 0 | AM5: =OECA!AT38 -> 0 | AN5: =OECA!AX38 -> 0 | AO5: =OECA!BD38 -> 0 | AP5: =OECA!BL38 -> 0 | AQ5: =OECA!W39 -> 0 | AR5: =OECA!AE39 -> 0 | AS5: =OECA!AK39 -> 0 | AT5: =OECA!AP39 -> 0 | AU5: =OECA!AT39 -> 0 | AV5: =OECA!AX39 -> 0 | AW5: =OECA!BD39 -> 0 | AX5: =OECA!BL39 -> 0 | AY5: =OECA!E40 -> 2 | AZ5: =OECA!F40 -> 0 | BA5: =OECA!L40 -> 0 | BB5: =OECA!O40 -> 0 | BC5: =OECA!R40 -> 0 | BD5: =OECA!W40 -> 0 | BE5: =OECA!AE40 -> 0 | BF5: =OECA!AK40 -> 0 | BG5: =OECA!AP40 -> 0 | BH5: =OECA!AT40 -> 0 | BI5: =OECA!AX40 -> 0 | BJ5: =OECA!BD40 -> 0 | BK5: =OECA!BL40 -> 0 | BL5: =OECA!W41 -> 0 | BM5: =OECA!AE41 -> 0 | BN5: =OECA!AK41 -> 0 | BO5: =OECA!AP41 -> 0 | BP5: =OECA!AT41 -> 0 | BQ5: =OECA!AX41 -> 0 | BR5: =OECA!BD41 -> 0 | BS5: =OECA!BL41 -> 0 | BT5: =OECA!W42 -> 0 | BU5: =OECA!AE42 -> 0 | BV5: =OECA!AK42 -> 0 | BW5: =OECA!AP42 -> 0 | BX5: =OECA!AT42 -> 0 | BY5: =OECA!AX42 -> 0 | BZ5: =OECA!BD42 -> 0 | CA5: =OECA!BL42 -> 0 | CB5: =OECA!E43 -> 3 | CC5: =OECA!F43 -> 0 | CD5: =OECA!L43 -> 0 | CE5: =OECA!O43 -> 0 | CF5: =OECA!R43 -> 0 | CG5: =OECA!W43 -> 0 | CH5: =OECA!AE43 -> 0 | CI5: =OECA!AK43 -> 0 | CJ5: =OECA!AP43 -> 0 | CK5: =OECA!AT43 -> 0 | CL5: =OECA!AX43 -> 0 | CM5: =OECA!BD43 -> 0 | CN5: =OECA!BL43 -> 0 | CO5: =OECA!W44 -> 0 | CP5: =OECA!AE44 -> 0 | CQ5: =OECA!AK44 -> 0 | CR5: =OECA!AP44 -> 0 | CS5: =OECA!AT44 -> 0 | CT5: =OECA!AX44 -> 0 | CU5: =OECA!BD44 -> 0 | CV5: =OECA!BL44 -> 0 | CW5: =OECA!W45 -> 0 | CX5: =OECA!AE45 -> 0 | CY5: =OECA!AK45 -> 0 | CZ5: =OECA!AP45 -> 0 | DA5: =OECA!AT45 -> 0 | DB5: =OECA!AX45 -> 0 | DC5: =OECA!BD45 -> 0 | DD5: =OECA!BL45 -> 0 | DE5: =OECA!E51 -> 1 | DF5: =OECA!F51 -> 0 | DG5: =OECA!K51 -> 0 | DH5: =OECA!O51 -> 0 | DI5: =OECA!R51 -> 0 | DJ5: =OECA!W51 -> 0 | DK5: =OECA!AC51 -> No transformado | DL5: =OECA!AJ51 -> 0 | DM5: =OECA!AP51 -> 0 | DN5: =OECA!AU51 -> 0 | DO5: =OECA!AY51 -> 0 | DP5: =OECA!BC51 -> 0 | DQ5: =OECA!BH51 -> 0 | DR5: =OECA!BM51 -> 0 | DS5: =OECA!AC52 -> 0 | DT5: =OECA!AJ52 -> 0 | DU5: =OECA!AP52 -> 0 | DV5: =OECA!AU52 -> 0 | DW5: =OECA!AY52 -> 0 | DX5: =OECA!BC52 -> 0 | DY5: =OECA!BH52 -> 0 | DZ5: =OECA!BM52 -> 0 | EA5: =OECA!AC53 -> 0 | EB5: =OECA!AJ53 -> 0 | EC5: =OECA!AP53 -> 0 | ED5: =OECA!AU53 -> 0 | EE5: =OECA!AY53 -> 0 | EF5: =OECA!BC53 -> 0 | EG5: =OECA!BH53 -> 0 | EH5: =OECA!BM53 -> 0 | EI5: =OECA!E54 -> 2 | EJ5: =OECA!F54 -> 0 | EK5: =OECA!K54 -> 0 | EL5: =OECA!O54 -> 0 | EM5: =OECA!R54 -> 0 | EN5: =OECA!W54 -> 0 | EO5: =OECA!AC54 -> No transformado | EP5: =OECA!AJ54 -> 0 | EQ5: =OECA!AP54 -> 0 | ER5: =OECA!AU54 -> 0 | ES5: =OECA!AY54 -> 0 | ET5: =OECA!BC54 -> 0 | EU5: =OECA!BH54 -> 0 | EV5: =OECA!BM54 -> 0 | EW5: =OECA!AC55 -> 0 | EX5: =OECA!AJ55 -> 0 | EY5: =OECA!AP55 -> 0 | EZ5: =OECA!AU55 -> 0 | FA5: =OECA!AY55 -> 0 | FB5: =OECA!BC55 -> 0 | FC5: =OECA!BH55 -> 0 | FD5: =OECA!BM55 -> 0 | FE5: =OECA!AC56 -> 0 | FF5: =OECA!AJ56 -> 0 | FG5: =OECA!AP56 -> 0 | FH5: =OECA!AU56 -> 0 | FI5: =OECA!AY56 -> 0 | FJ5: =OECA!BC56 -> 0 | FK5: =OECA!BH56 -> 0 | FL5: =OECA!BM56 -> 0 | FM5: =OECA!E57 -> 3 | FN5: =OECA!F57 -> 0 | FO5: =OECA!K57 -> 0 | FP5: =OECA!O57 -> 0 | FQ5: =OECA!R57 -> 0 | FR5: =OECA!W57 -> 0 | FS5: =OECA!AC57 -> No transformado | FT5: =OECA!AJ57 -> 0 | FU5: =OECA!AP57 -> 0 | FV5: =OECA!AU57 -> 0 | FW5: =OECA!AY57 -> 0 | FX5: =OECA!BC57 -> 0 | FY5: =OECA!BH57 -> 0 | FZ5: =OECA!BM57 -> 0 | GA5: =OECA!AC58 -> 0 | GB5: =OECA!AJ58 -> 0 | GC5: =OECA!AP58 -> 0 | GD5: =OECA!AU58 -> 0 | GE5: =OECA!AY58 -> 0 | GF5: =OECA!BC58 -> 0 | GG5: =OECA!BH58 -> 0 | GH5: =OECA!BM58 -> 0 | GI5: =OECA!AC59 -> 0 | GJ5: =OECA!AJ59 -> 0 | GK5: =OECA!AP59 -> 0 | GL5: =OECA!AU59 -> 0 | GM5: =OECA!AY59 -> 0 | GN5: =OECA!BC59 -> 0 | GO5: =OECA!BH59 -> 0 | GP5: =OECA!BM59 -> 0 | GQ5: =OECA!E65 -> 1 | GR5: =OECA!F65 -> 0 | GS5: =OECA!T65 -> 0 | GT5: =OECA!X65 -> 0 | GU5: =OECA!AD65 -> 0 | GV5: =OECA!AI65 -> 0 | GW5: =OECA!AM65 -> 0 | GX5: =OECA!AQ65 -> 0 | GY5: =OECA!AU65 -> 0 | GZ5: =OECA!AZ65 -> 0 | HA5: =OECA!E66 -> 2 | HB5: =OECA!F66 -> 0 | HC5: =OECA!T66 -> 0 | HD5: =OECA!X66 -> 0 | HE5: =OECA!AD66 -> 0 | HF5: =OECA!AI66 -> 0 | HG5: =OECA!AM66 -> 0 | HH5: =OECA!AQ66 -> 0 | HI5: =OECA!AU66 -> 0 | HJ5: =OECA!AZ66 -> 0 | HK5: =OECA!E67 -> 3 | HL5: =OECA!F67 -> 0 | HM5: =OECA!T67 -> 0 | HN5: =OECA!X67 -> 0 | HO5: =OECA!AD67 -> 0 | HP5: =OECA!AI67 -> 0 | HQ5: =OECA!AM67 -> 0 | HR5: =OECA!AQ67 -> 0 | HS5: =OECA!AU67 -> 0 | HT5: =OECA!AZ67 -> 0 | HU5: =OECA!E73 -> 1 | HV5: =OECA!F73 -> 0 | HW5: =OECA!Q73 -> 0 | HX5: =OECA!AB73 -> 0 | HY5: =OECA!AG73 -> 0 | HZ5: =OECA!AM73 -> 0 | IA5: =OECA!AR73 -> 0 | IB5: =OECA!AW73 -> 0 | IC5: =OECA!BC73 -> 0 | ID5: =OECA!BK73 -> 0 | IE5: =OECA!E74 -> 2 | IF5: =OECA!F74 -> 0 | IG5: =OECA!Q74 -> 0 | IH5: =OECA!AB74 -> 0 | II5: =OECA!AG74 -> 0 | IJ5: =OECA!AM74 -> 0 | IK5: =OECA!AR74 -> 0 | IL5: =OECA!AW74 -> 0 | IM5: =OECA!BC74 -> 0 | IN5: =OECA!BK74 -> 0 | IO5: =OECA!E80 -> 1 | IP5: =OECA!F80 -> 0 | IQ5: =OECA!Q80 -> 0 | IR5: =OECA!AB80 -> 0 | IS5: =OECA!AG80 -> 0 | IT5: =OECA!AM80 -> 0 | IU5: =OECA!AR80 -> 0 | IV5: =OECA!AW80 -> 0 | IW5: =OECA!BC80 -> 0 | IX5: =OECA!BK80 -> 0 | IY5: =OECA!E81 -> 2 | IZ5: =OECA!F81 -> 0 | JA5: =OECA!Q81 -> 0 | JB5: =OECA!AB81 -> 0 | JC5: =OECA!AG81 -> 0 | JD5: =OECA!AM81 -> 0 | JE5: =OECA!AR81 -> 0 | JF5: =OECA!AW81 -> 0 | JG5: =OECA!BC81 -> 0 | JH5: =OECA!BK81 -> 0 | JI5: =CONCATENATE(OECA!J96,"/",OECA!L96,"/",OECA!N96) -> // | JJ5: =OECA!Z96 -> 0 | JK5: =OECA!AN96 -> 0 | JL5: =OECA!J98 -> 0 | JM5: =OECA!J100 -> 0 | JN5: =OECA!J102 -> 0 | JO5: =OECA!J104 -> 0 | JP5: =OECA!AB104 -> 0
IN6: ,

Sheet COD_QR (OECA)
B1: RUNAF - QR
B4: =CONCATENATE(B33," ",#REF!) -> #REF!
B5: =CONCATENATE(B34," ",#REF!) -> #REF!
B6: =CONCATENATE(B35," ",#REF!) -> #REF!
B7: =CONCATENATE(B36," ",#REF!) -> #REF!
B8: =CONCATENATE(B37," ",#REF!) -> #REF!
B10: =CONCATENATE(B39," ",OECA!I10) -> Org. que pertenece:
B11: =CONCATENATE(B40," ",#REF!) -> #REF!
B12: =CONCATENATE(B41," ",#REF!) -> #REF!
B14: =CONCATENATE(B43," ",#REF!) -> #REF!
B16: =CONCATENATE(B45," ",#REF!) -> #REF!
B17: =CONCATENATE(B46," ",#REF!) -> #REF!
B18: =CONCATENATE(B47,": ",OECA!BK5) -> Num Certifiado:
B33: COD RUNAF:
B34: Nombres Representante Legal:
B35: Personeria Juridica
B36: Lugar:
B37: Fecha de Creacion:
B39: Org. que pertenece:
B40: Prod. que produce:
B41: Destino produc.:
B43: Categorizacion:
B44: Sello Social Boliviano: | D44: NO
B45: Fecha Reg:
B46: Fecha Exp:
B47: Num Certifiado

Sheet Municipios
A1: Cod | B1: Departamento | D1: Cod | E1: Provincia | G1: Municipio | H1: Cod | J1: Por favor Introducir codigo INE de Municipio | M1: ABREVIACION DE DEPARTAMENTO | U1: ACHIOTE (URUCÚ) | W1: Arroz con cáscara | X1: Cebada en grano | Y1: Maíz en grano | Z1: Quinua | AA1: Sorgo en grano | AB1: Trigo | AC1: Cacao | AD1: Café | AE1: Banano | AF1: Durazno | AG1: Mandarina | AH1: Naranja | AI1: Piña | AJ1: Plátano | AK1: Uva | AL1: Ajo | AM1: Arveja | AN1: Cebolla | AO1: Frijol/poroto | AP1: Haba | AQ1: Maíz choclo | AR1: Tomate | AS1: Zanahoria | AT1: Algodón | AU1: Caña de Azúcar | AV1: Girasol | AW1: Maní | AX1: Sésamo | AY1: Soya | AZ1: Papa | BA1: Yuca | BB1: Alfalfa | BC1: Cebada berza | BD1: Forraje | BE1: Limón | BF1: Otro (Describir
A2: 1 | B2: Chuquisaca | D2: 101 | E2: Oropeza | G2: Sucre | H2: 10101 | U2: AJÍ
A3: 2 | B3: La Paz | D3: 102 | E3: Azurduy | G3: Yotala | H3: 10102 | J3: CODIGO: | K3: =VLOOKUP(OECA!AJ16,G1:H340,2,FALSE) -> #N/A | M3: ABRE. | N3: =+OECA!DS16 -> 0 | S3: 4 | U3: AJO | X3: CEREALES
A4: 3 | B4: Cochabamba | D4: 103 | E4: Zudáñez | G4: Poroma | H4: 10103 | U4: ALFALFA | W4: Arroz con cáscara
A5: 4 | B5: Oruro | D5: 104 | E5: Tomina | G5: Azurduy | H5: 10201 | U5: ALGODÓN | W5: Avena
A6: 5 | B6: Potosi | D6: 105 | E6: Hernando Siles | G6: Tarvita | H6: 10202 | U6: ARROZ CON CÁSCARA | W6: Cañahua
A7: 6 | B7: Tarija | D7: 106 | E7: Yamparáez | G7: Zudañez | H7: 10301 | U7: ARVEJA | W7: Cebada en grano
A8: 7 | B8: Santa Cruz | D8: 107 | E8: Nor Cinti | G8: Presto | H8: 10302 | U8: AVENA | W8: Centeno
A9: 8 | B9: Beni | D9: 108 | E9: Belisario Boeto | G9: Mojocoya | H9: 10303 | U9: AVENA BERZA | W9: Maíz en grano (1)
A10: 9 | B10: Pando | D10: 109 | E10: Sud Cinti | G10: Icla | H10: 10304 | U10: BANANO | W10: Quínua
D11: 110 | E11: Luis Calvo | G11: Padilla | H11: 10401 | U11: BETERRAGA | W11: Sorgo en grano (1)
D12: 201 | E12: Murillo | G12: Tomina | H12: 10402 | U12: CACAO | W12: Trigo (1)
D13: 202 | E13: Omasuyos | G13: Sopachuy | H13: 10403 | U13: CAFÉ | X13: ESTIMULANTES
D14: 203 | E14: Pacajes | G14: Villa Alcala | H14: 10404 | U14: CAMOTE | W14: Cacao
D15: 204 | E15: Camacho | G15: El Villar | H15: 10405 | U15: CAÑA DE AZÚCAR | W15: Café
D16: 205 | E16: Muñecas | G16: Monteagudo | H16: 10501 | U16: CAÑAHUA | W16: Té
D17: 206 | E17: Larecaja | G17: Huacareta | H17: 10502 | U17: CEBADA BERZA | X17: FRUTALES
D18: 207 | E18: Franz Tamayo | G18: Tarabuco | H18: 10601 | U18: CEBADA EN GRANO | W18: Banano
D19: 208 | E19: Ingavi | G19: Yamparáez | H19: 10602 | U19: CEBOLLA | W19: Ciruelo
D20: 209 | E20: Loayza | G20: Camargo | H20: 10701 | U20: CENTENO | W20: Chirimoya
D21: 210 | E21: Inquisivi | G21: San Lucas | H21: 10702 | U21: CHIA | W21: Durazno
D22: 211 | E22: Sud Yungas | G22: Incahuasi | H22: 10703 | U22: CHIRIMOYA | W22: Frutilla
D23: 212 | E23: Los Andes | G23: Villa Charcas | H23: 10704 | U23: CIRUELO | W23: Guinda
D24: 213 | E24: Aroma | G24: Villa Serrano | H24: 10801 | U24: COLIFLOR | W24: Higo
D25: 214 | E25: Nor Yungas | G25: Villa Abecia | H25: 10901 | U25: DURAZNO | W25: Lima
D26: 215 | E26: Abel Iturralde | G26: Culpina | H26: 10902 | U26: FRIJOL/POROTO | W26: Limón
D27: 216 | E27: Bautista Saavedra | G27: Las carreras | H27: 10903 | U27: FRUTILLA | W27: Mandarina
D28: 217 | E28: Manco Kapac | G28: Muyupampa | H28: 11001 | U28: GARBANZO | W28: Manga
D29: 218 | E29: Gualberto Villarroel | G29: Huacaya | H29: 11002 | U29: GIRASOL | W29: Manzana
... D40: 309 | E40: Quillacollo | G40: Santiago de Huata | H40: 20205 | U40: MANDARINA | W40: Uva
D41: 310 | E41: Chapare | G41: Huatajata | H41: 20206 | U41: MANGA | X41: HORTALIZAS
D42: 311 | E42: Tapacarí | G42: Corocoro | H42: 20301 | U42: MANÍ | W42: Ají
D43: 312 | E43: Carrasco | G43: Caquiaviri | H43: 20302 | U43: MANZANA | W43: Ajo
D44: 313 | E44: Mizque | G44: Calacoto | H44: 20303 | U44: MEMBRILLO | W44: Arveja
D45: 314 | E45: Punata | G45: Comanche | H45: 20304 | U45: NARANJA | W45: Betarraga
D46: 315 | E46: Bolívar | G46: Charaña | H46: 20305 | U46: OCA | W46: Cebolla
D47: 316 | E47: Tiraque | G47: Waldo Ballivián | H47: 20306 | U47: PALTA | W47: Coliflor
D48: 401 | E48: Cercado | G48: Nazacara de Pacajes | H48: 20307 | U48: PAPA | W48: Frijol/poroto (1)
D49: 402 | E49: Abaroa | G49: Callapa | H49: 20308 | U49: PAPALIZA | W49: Garbanzo
D50: 403 | E50: Carangas | G50: Puerto Acosta | H50: 20401 | U50: PAPAYA | W50: Haba
D51: 404 | E51: Sajama | G51: Mocomoco | H51: 20402 | U51: PEPINO | W51: Lechuga
D52: 405 | E52: Litoral | G52: Puerto Carabuco | H52: 20403 | U52: PERA | W52: Locoto
D53: 406 | E53: Poopó | G53: Humanata | H53: 20404 | U53: PIÑA | W53: Maíz choclo
... D60: 413 | E60: San Pedro de Totora | G60: Tacacoma | H60: 20603 | U60: SANDIA | W60: Zapallo
D61: 414 | E61: Sebastián Pagador | G61: Quiabaya | H61: 20604 | U61: SÉSAMO | X61: OLEAGINOSAS E INDUSTRIALES
D62: 415 | E62: Mejillones | G62: Combaya | H62: 20605 | U62: SORGO EN GRANO | W62: Achiote (urucú)
D63: 416 | E63: Nor Carangas | G63: Tipuani | H63: 20606 | U63: SOYA | W63: Algodón
D64: 501 | E64: Tomás Frías | G64: Mapiri | H64: 20607 | U64: TABACO | W64: Caña de Azúcar
D65: 502 | E65: Rafael Bustillo | G65: Teoponte | H65: 20608 | U65: TÉ | W65: Chia
D66: 503 | E66: Cornelio Saavedra | G66: Apolo | H66: 20701 | U66: TOMATE | W66: Girasol (1)
D67: 504 | E67: Chayanta | G67: Pelechuco | H67: 20702 | U67: TRIGO | W67: Maní
D68: 505 | E68: Charcas | G68: Viacha | H68: 20801 | U68: TUNA | W68: Sésamo
D69: 506 | E69: Nor Chichas | G69: Guaqui | H69: 20802 | U69: UVA | W69: Soya (1)
D70: 507 | E70: Alonso de Ibáñez | G70: Tiahuanacu | H70: 20803 | U70: VAINITAS | W70: Tabaco
D71: 508 | E71: Sur Chichas | G71: Desaguadero | H71: 20804 | U71: YUCA | X71: TUBÉRCULOS Y RAICES
D72: 509 | E72: Nor Lípez | G72: San Andrés de Machaca | H72: 20805 | U72: ZANAHORIA | W72: Camote
D73: 510 | E73: Sur Lípez | G73: Jesús de Machaca | H73: 20806 | U73: ZAPALLO | W73: Hualuza
D74: 511 | E74: José María Linares | G74: Taraco | H74: 20807 | W74: Oca
D75: 512 | E75: Antonio Quijarro | G75: Luribay | H75: 20901 | W75: Papa
D76: 513 | E76: Bernardino Bilbao Rioja | G76: Sapahaqui | H76: 20902 | W76: Papaliza
D77: 514 | E77: Daniel Campos | G77: Yaco | H77: 20903 | W77: Racacha
D78: 515 | E78: Modesto Omiste | G78: Malla | H78: 20904 | W78: Yuca
D79: 516 | E79: Enrique Baldivieso | G79: Cairoma | H79: 20905 | X79: FORRAJES
D80: 601 | E80: Cercado | G80: Inquisivi | H80: 21001 | W80: Alfalfa
D81: 602 | E81: Aniceto Arce | G81: Quime | H81: 21002 | W81: Avena berza
D82: 603 | E82: Gran Chaco | G82: Cajuata | H82: 21003 | W82: Cebada berza
D83: 604 | E83: Aviles | G83: Colquiri | H83: 21004
D84: 605 | E84: Méndez | G84: Ichoca | H84: 21005
D85: 606 | E85: Burnet O' Connor | G85: Villa Libertad Licoma | H85: 21006
D86: 701 | E86: Andrés Ibáñez | G86: Chulumani | H86: 21101
D87: 702 | E87: Warnes | G87: Irupana | H87: 21102
D88: 703 | E88: Velasco | G88: Yanacachi | H88: 21103
D89: 704 | E89: Ichilo | G89: Palos Blancos | H89: 21104
D90: 705 | E90: Chiquitos | G90: La Asunta | H90: 21105
D91: 706 | E91: Sara | G91: Pucarani | H91: 21201
D92: 707 | E92: Cordillera | G92: Laja | H92: 21202
D93: 708 | E93: Vallegrande | G93: Batallas | H93: 21203
D94: 709 | E94: Florida | G94: Puerto Pérez | H94: 21204
... D113: 905 | E113: Federico Román | G113: Chacarilla | H113: 21803
G114: Santiago de Machaca | H114: 21901
G115: Catacora | H115: 21902
G116: Caranavi | H116: 22001
G117: Alto Beni | H117: 22002
G118: Cochabamba | H118: 30101
G119: Aiquile | H119: 30201
G120: Pasorapa | H120: 30202
G121: Omereque | H121: 30203
G122: Independencia | H122: 30301
G123: Morochata | H123: 30302
G124: Cocapata | H124: 30303
G125: Tarata | H125: 30401
... G340: Santos Mercado | H340: 90503
